 Dungeon Crawl Stone Soup version 0.31-a0-1164-geb876a3 (webtiles) character file.

Game seed: 16389717379938087108

17156822 december12 the Englaciator (level 27, 315/315 (318) HPs)
             Began as a Barachi Artificer on Dec 8, 2023.
             Was the Champion of Ru.
             Escaped with the Orb
             ... and 15 runes on Dec 9, 2023!
             The game lasted 04:51:18 (90218 turns).

december12 the Englaciator (Barachi Artificer)     Turns: 90218, Time: 04:51:18

HP:   315/315 (318) AC: 45    Str: 21    XL:     27
MP:   53/53         EV: 19    Int: 23    God:    Ru [******]
Gold: 6647          SH:  0    Dex: 14    Spells: 0/78 levels left

rFire   + . .        a - +9 triple sword (freeze)
rCold   + . .        (shield currently unavailable)
rNeg    + + .        E - melded +10 pearl dragon scales
rPois   ∞            R - +2 hat of Misanthropy {Rampage Int+5 Stlth+}
rElec   +            F - +2 cloak {Will+}
rCorr   .            U - melded +2 pair of gloves
SInv    .            n - melded +1 pair of boots of Ariypups {rElec}
Will    +++..        A - amulet "Mipeeres" {rPois rN+ Regen+ Str+4 Dex-3} Stlth
                     B - ring of Xom's Ringing Laughter {rF+ rC+ AC+4}
HPRegen 1.52/turn    D - ring "Dapti" {Drain +Blink rElec rF+ Str+6}
MPRegen 0.33/turn

%: inaccuracy (-5), rampage
@: statue-form, studying 4 skills, lightly drained, very slow
A: slow and powerful, torment resistance 1, boosted hp, amphibious, clumsy 1,
dopey 1, screaming 1, (slowness 1), no stealth, inability to use devices,
reduced EV 1, missing an eye, strong legs 2, +LOS, horns 1, weak 1, heat
vulnerability 1
0: Orb of Zot
}: 15/15 runes: barnacled, slimy, silver, golden, iron, obsidian, icy, bone,
abyssal, demonic, glowing, magical, fiery, dark, gossamer
a: Hop, Begin Untransformation, Renounce Religion, Draw Out Power, Power Leap,
Apocalypse


You escaped.
You worshipped Ru.
Ru was exalted by your worship.
You were a living statue of rough stone.
You visited 17 branches of the dungeon, and saw 87 of its levels.
You visited Pandemonium 1 time, and saw 17 of its levels.
You visited the Abyss 2 times.
You also visited: Trove, Ossuary, Bailey, Gauntlet, Volcano and Wizlab.

You collected 13246 gold pieces.
You spent 6599 gold pieces at shops.

Inventory:

Hand Weapons
 a - a +9 triple sword of freezing (weapon)
 b - a +9 triple sword of holy wrath
 N - a +2 whip of distortion
Missiles
 l - 6 curare-tipped darts
 Z - 9 throwing nets (quivered) {!f}
Armour
 n - the +1 pair of boots of Ariypups (melded) {rElec}
   (You acquired it on level 2 of the Orcish Mines)

   rElec:     It insulates you from electricity.
 r - +9 gold dragon scales
 E - +10 pearl dragon scales (melded)
 F - a +2 cloak of willpower (worn)
 G - a +3 troll leather armour
 R - the +2 hat of Misanthropy (worn) {Rampage Int+5 Stlth+}
   (You found it in a Gauntlet)

   Int+5:     It affects your intelligence (+5).
   Rampage:   It bestows one free step when moving towards enemies.
   Stlth+:    It makes you more stealthy.
 S - the +2 hood of the Assassin {Detect Stab+ Stlth++}
   (You found it on level 3 of the Elven Halls)

   Detect:    It allows the wearer to sense nearby creatures.
   Stab+:     It allows the wearer to make particularly effective stabbing
   attacks against helpless or unaware enemies with any weapon.
   Stlth++:   It makes you much more stealthy.
 U - a +2 pair of gloves (melded)
 V - a +2 pair of boots of flying
 X - +0 storm dragon scales
Jewellery
 s - a ring of wizardry
 y - the ring "Cyekh" {Will+ Stlth+}
   (You found it on level 5 of the Lair of Beasts)

   [ring of willpower]

   Will+:     It increases your willpower.
   Stlth+:    It makes you more stealthy.
 A - the amulet "Mipeeres" (around neck) {rPois rN+ Regen+ Str+4 Dex-3}
   (You took it off a deep elf demonologist on level 3 of the Elven Halls)

   [amulet of regeneration]

   Str+4:     It affects your strength (+4).
   Dex-3:     It affects your dexterity (-3).
   rPois:     It protects you from poison rN+: It protects you from negative
   energy.
   Regen+:    It increases your rate of health regeneration.
 B - the ring of Xom's Ringing Laughter (left fist) {rF+ rC+ AC+4}
   (You took it off a skeletal warrior on level 2 of the Depths)

   [ring of protection]

   AC+4:      It affects your AC (+4).
   rF+:       It protects you from fire.
   rC+:       It protects you from cold.
 D - the ring "Dapti" (right fist) {Drain +Blink rElec rF+ Str+6}
   (You found it in a treasure trove)

   [ring of protection from fire]

   Str+6:     It affects your strength (+6).
   rF+:       It protects you from fire.
   rElec:     It insulates you from electricity.
   +Blink:    It lets you blink.
   Drain:     It drains your maximum health when unequipped.
 Q - the ring "Humm" {rPois rC+}
   (You took it off Dispater on level 7 of the Iron City of Dis)

   [ring of poison resistance]

   rC+:       It protects you from cold.
   rPois:     It protects you from poison
Talismans
 d - a granite talisman (active)
 T - a talisman of death
Scrolls
 c - 7 scrolls of brand weapon
 e - 18 scrolls of vulnerability
 g - 12 scrolls of fear
 j - 3 scrolls of blinking
 o - 12 scrolls of enchant armour
 t - 10 scrolls of poison
 C - 11 scrolls of immolation
 H - 5 scrolls of silence
 J - 14 scrolls of teleportation
 O - 11 scrolls of fog
 P - 9 scrolls of amnesia
 W - a scroll of revelation
 Y - 3 scrolls of summoning
Potions
 f - 10 potions of cancellation
 h - 8 potions of might
 k - 17 potions of heal wounds
 m - a potion of magic
 p - 3 potions of ambrosia
 q - 9 potions of haste
 u - 30 potions of curing
 v - 10 potions of enlightenment
 w - 12 potions of attraction
 x - 13 potions of lignification
 z - 12 potions of brilliance
 I - 2 potions of mutation
 K - 6 potions of invisibility
 L - 11 potions of resistance
 M - 3 potions of berserk rage
Miscellaneous
 i - a figurine of a ziggurat


   Skills:
 - Level 26.0 Fighting
 - Level 22.0 Long Blades
 + Level 23.2 Armour
 - Level 24.0 Dodging
 - Level 26.0 Spellcasting
 - Level 5.0 Conjurations
 - Level 16.0 Hexes
 - Level 12.0 Summonings
 - Level 12.0 Necromancy
 - Level 12.0 Translocations
 - Level 5.0 Transmutations
 O Level 27 Ice Magic
 - Level 22.0 Air Magic
 - Level 5.0 Earth Magic
 - Level 23.0 Shapeshifting


You couldn't memorise any spells.
You knew the following spells:

 Your Spells              Type           Power      Damage    Failure   Level
a - Polar Vortex          Ice            50%        12d6*     1%          9
b - Haunt                 Necr/Summ      35%        N/A       7%          7
c - Malign Gateway        Summ/Tloc      35%        N/A       7%          7
d - Manifold Assault      Tloc           71%        N/A       1%          4
e - Ozocubu's Refrigerat  Ice            50%        4d18      0%          7
f - Borgnjor's Vile Clut  Necr/Erth      31%        N/A       1%          5
g - Enfeeble              Hex            40%        N/A       1%          7
h - Vhi's Electric Charg  Tloc/Air       100%       N/A       0%          4
i - Maxwell's Capacitive  Air            46%        ∞         1%          8
o - Passwall              Tmut/Erth      43%        N/A       1%          2
p - Passage of Golubria   Tloc           71%        N/A       1%          4
r - Irradiate             Conj/Tmut      26%        3d20      3%          5
v - Blink                 Tloc           100%       N/A       0%          2
y - Yara's Violent Unrav  Hex/Tmut       33%        3d14      1%          5
W - Lesser Beckoning      Tloc           100%       N/A       0%          2

Your spell library contained the following spells:

 Spells                   Type           Power      Damage    Failure   Level
 Freeze                   Ice            100%       1d10      0%          1
 Necrotise                Necr           100%       1d9       0%          1
 Slow                     Hex            100%       N/A       0%          1
 Summon Small Mammal      Summ           100%       N/A       0%          1
 Call Imp                 Summ           100%       N/A       0%          2
 Cigotuvi's Dreadful Rot  Necr/Pois/Air  100%       N/A       0%          2
 Ensorcelled Hibernation  Hex/Ice        100%       N/A       0%          2
 Jinxbite                 Hex            100%       N/A       0%          2
 Static Discharge         Conj/Air       100%       3-8/arc   0%          2
 Confusing Touch          Hex            80%        N/A       0%          3
 Ozocubu's Armour         Ice            100%       N/A       0%          3
 Sigil of Binding         Hex            80%        N/A       0%          3
 Summon Guardian Golem    Hex/Summ       76%        N/A       0%          3
 Swiftness                Air            92%        N/A       0%          3
 Tukima's Dance           Hex            80%        N/A       0%          3
 Airstrike                Air            46%        2d(7-23)  0%          4
 Cause Fear               Hex            40%        N/A       0%          4
 Summon Lightning Spire   Summ/Air       83%        N/A       0%          4
 Metabolic Englaciation   Hex/Ice        45%        N/A       0%          5
 Silence                  Hex/Air        43%        N/A       0%          5
 Foxfire                  Conj/Fire      100%       2x1d9     1%          1
 Kiss of Death            Conj/Necr      100%       2d13      1%          1
 Magic Dart               Conj           100%       1d8       1%          1
 Sandblast                Erth           100%       2d20      1%          1
 Sting                    Tmut/Pois      100%       1d8       1%          1
 Poisonous Vapours        Pois/Air       100%       N/A       1%          2
 Scorch                   Fire           58%        2d7       1%          2
 Wereblood                Tmut           52%        N/A       1%          2
 Call Canine Familiar     Summ           71%        N/A       1%          3
 Dazzling Flash           Conj/Hex       100%       N/A       1%          3
 Gell's Gravitas          Tloc           71%        N/A       1%          3
 Ignite Poison            Fire/Tmut/Pois 37%        N/A       1%          3
 Inner Flame              Hex/Fire       61%        N/A       1%          3
 Mephitic Cloud           Conj/Pois/Air  63%        N/A       1%          3
 Stone Arrow              Conj/Erth      100%       3d13      1%          3
 Teleport Other           Tloc           71%        N/A       1%          3
 Vampiric Draining        Necr           71%        2d11      1%          3
 Volatile Blastmotes      Fire/Tloc      100%       2d18      1%          3
 Anguish                  Hex/Necr       38%        N/A       1%          4
 Animate Armour           Summ/Erth      100%       N/A       1%          4
 Animate Dead             Necr           71%        N/A       1%          4
 Brom's Barrelling Bould  Conj/Erth      52%        2d7       1%          4
 Dimensional Bullseye     Hex/Tloc       38%        N/A       1%          4
 Dispel Undead            Necr           71%        3d24      1%          4
 Iskenderun's Mystic Bla  Conj/Tloc      62%        2d13      1%          4
 Leda's Liquefaction      Hex/Erth       33%        N/A       1%          4
 Petrify                  Tmut/Erth      52%        N/A       1%          4
 Agony                    Necr           71%        N/A       1%          5
 Arcjolt                  Conj/Air       37%        1d47      1%          5
 Freezing Cloud           Conj/Ice/Air   42%        6-21      1%          5
 Summon Forest            Summ/Tloc      35%        N/A       1%          5
 Conjure Ball Lightning   Conj/Air       37%        3x3d12    1%          6
 Death Channel            Necr           35%        N/A       1%          6
 Dispersal                Tloc           35%        N/A       1%          6
 Plasma Beam              Fire/Air       34%        2x1d47    1%          6
 Simulacrum               Ice/Necr       44%        N/A       1%          6
 Summon Cactus Giant      Summ           35%        N/A       1%          6
 Flame Wave               Conj/Fire      41%        2d11      3%          4
 Sticky Flame             Conj/Fire      41%        2d6       3%          4
 Iskenderun's Battlesphe  Conj           52%        2d10      3%          5
 Lee's Rapid Deconstruct  Erth           26%        3d14*     3%          5
 Summon Hydra             Summ           35%        N/A       7%          7
 Discord                  Hex            40%        N/A       10%         8
 Olgreb's Toxic Radiance  Pois           29%        N/A       11%         4
 Alistair's Intoxication  Tmut/Pois      27%        N/A       11%         5
 Fireball                 Conj/Fire      20%        3d10      11%         5
 Bombard                  Conj/Erth      26%        9d5       22%         6
 Spellforged Servitor     Conj/Summ      31%        N/A       28%         7
 Borgnjor's Revivificati  Necr           35%        N/A       45%         8
 Disjunction              Tloc           35%        N/A       45%         8
 Infestation              Necr           35%        N/A       45%         8
 Summon Horrible Things   Summ           35%        N/A       45%         8
 Eringya's Noxious Bog    Tmut/Pois      20%        4d6       52%         6
 Starburst                Conj/Fire      20%        6d7       52%         6
 Orb of Destruction       Conj           26%        9d9       75%         7
 Chain Lightning          Conj/Air       37%        3d50      99%         9
 Ignition                 Fire           14%        3d6       100%        8
 Lehudib's Crystal Spear  Conj/Erth      26%        10d7      100%        8
 Death's Door             Necr           35%        N/A       100%        9
 Dragon's Call            Summ           35%        N/A       100%        9
 Fire Storm               Conj/Fire      20%        8d5       100%        9
 Shatter                  Erth           26%        3d22*     100%        9
 Sublimation of Blood     Necr           Unusable   N/A       N/A         2

Dungeon Overview and Level Annotations

Branches:
Dungeon (15/15)            Temple (0/1) D:6            Lair (5/5) D:8
 Shoals (4/4) Lair:2       Spider (4/4) Lair:3        Slime (5/5) Lair:5
    Orc (2/2) D:12            Elf (3/3) Orc:2        Vaults (5/5) D:13
  Crypt (3/3) Vaults:2       Tomb (3/3) Crypt:3      Depths (4/4) D:15
   Hell (visited)             Dis (7/7) Hell            Geh (7/7) Hell
    Coc (7/7) Hell            Tar (7/7) Hell            Zot (5/5) Depths:4
Ossuary (visited)          Bailey (visited)         Volcano (visited)
 WizLab (visited)         Gauntlet (visited)

Altars:
Ashenzari
Dithmenos
Fedhas
Gozag
Kikubaaqudgha
Makhleb
Okawaru
Ru
Sif Muna
Uskayaw
Wu Jian
Xom
Yredelemnul
The Shining One
Jiyva

Shops:
D:10 *   D:14 *   Orc:2 *=**[(   Elf:1 (   Elf:3 ?   Shoals:3 =[*   Vaults:4 *(
Vaults:5 ?   Depths:4 (([[=

Portals:
Hell: Lair:5 Depths:1 Depths:2 Depths:3 Depths:4
Abyss: Depths:3
Pandemonium: Depths:1 Depths:2 Depths:3 Depths:4
Ziggurat: Depths:4

Annotations:
D:3 굴착


Innate Abilities, Weirdness & Mutations

You are a living statue of rough stone.
Your actions are slow, but your melee attacks are powerful.
You are resistant to unholy torment.
Your maximum health is greatly increased.
Your equipment is partially melded.
You are amphibious.
You are immune to poison.
You are clumsy. (Dex -2)
You are dopey. (Int -2)
You occasionally shout uncontrollably at your foes.
((You cover ground slowly.))
You cannot be stealthy.
You cannot study or use magical devices.
You have somewhat slow reflexes. (EV -5)
You are missing an eye, making it more difficult to aim.
You can hop long distances.
You have an extended range of vision and can be seen from far away.
You have a pair of small horns on your head.
You are weak. (Str -2)
You are vulnerable to heat. (rF-)


Message History

Your headbutt misses the red devil.
The red devil hits you with a +0 trident.
Barbed spikes become lodged in your body.
You hit the red devil. You freeze the red devil.
You headbutt the red devil, but do no damage.
The red devil is lightly wounded.
The red devil hits you but does no damage.
You barely miss the red devil.
The red devil is lightly wounded.
You redirect the red devil's attack!
The red devil misses itself.
You closely miss the red devil.
The red devil is lightly wounded.
The red devil completely misses you.
You slice the red devil!! You freeze the red devil!
You kill the red devil!
No target in view!
No target in view!
No target in view!
You start resting.
You carefully extract the barbed spikes from your body.
What level of the Dungeon? (default 1, ? - help)
There is a stone staircase leading up here.
You climb upwards.
There is a stone staircase leading down here.
Unknown command.
There is an open door here.
There is an open door here.
There is a staircase leading out of the dungeon here.
Unknown command.
Okay, then.
Unknown command.
Unknown command.
There is a staircase leading out of the dungeon here.
Unknown command.
Unknown command.
Casting: Polar Vortex (mildly dangerous; 1% risk of failure)
Confirm with . or Enter, or press ? or * to list all spells.
Okay, then.
You have escaped!

###.# #.## ##.....#
########..# #####.#
..#.#.#...# #.#
...#.#....#### #.#
.8.#8#.8.....# #.#
...#.#...###.# #.#
###.#.###.##.# ##.#
.8.###.8.###.# ###..#
###.#.###.##.# #8#.##
...#.#...###.###.###
.8.#8#.8..##.#.'.).#
...#.#....####.###.###
..#.#.#....#.'#'.'#'.#
##########.#.###.###.##
#............#
##.####.###.## ######
#.# #.# ###


There were no monsters in sight!

Vanquished Creatures
  Cerebov (Pan)
  Antaeus (Coc:7)
  Asmodeus (Geh:7)
  7 pandemonium lords
  Ereshkigal (Tar:7)
  the Royal Jelly (Slime:5)
  Gloorx Vloq (Pan)
  A seraph (Pan)
  Lom Lobon (Pan)
  Mnoleg (Pan)
  Dispater (Dis:7)
  2 dread liches (Zot:5)
  7 ancient liches
  5 orbs of fire
  Khufu (Tomb:3)
  Mennas (Crypt:1)
  2 juggernauts
  29 royal mummies
  Josephina (Crypt:1)
  Frederick (Crypt:3)
  Saint Roka (Vaults:4)
  5 Killer Klowns
  Bai Suzhen (Elf:3)
  14 shard shrikes
  Parghit (Depths:3)
  19 caustic shrikes
  A curse toe (Zot:1)
  Geryon (Hell)
  10 golden dragons
  8 profane servitors
  15 bone dragons
  A pearl dragon (Pan)
  Norris (Depths:2)
  11 iron giants
  12 Brimstone Fiends
  9 doom hounds
  3 electric golems
  A spectral shard shrike (Tar:3)
  11 Tzitzimimeh
  22 tentacled monstrosities
  A shard shrike zombie (Crypt:3)
  20 Ice Fiends
  10 liches
  11 hellephants
  11 tainted leviathans
  26 Orb Guardians
  23 Hell Sentinels
  A deep elf blademaster (Elf:2)
  21 titans
  6 quicksilver dragons
  30 acid blobs
  27 searing wretches
  11 sphinxes
  3 deep elf master archers (Elf:3)
  31 ancient champions
  Kirke (Shoals:1)
  A kraken (Shoals:2)
  Murray (Hell)
  7 death cobs
  Agnes (Elf:2)
  20 Executioners
  2 tentacled starspawn
  15 shadow dragons
  4 tengu reavers
  Roxanne (Shoals:3)
  18 storm dragons
  Donald (Shoals:3)
  10 revenants
  13 daevas
  7 draconian monks
  9 rockslimes
  7 quicksilver elementals
  13 azure jellies
  19 narguns
  16 fire giants
  A draconian knight (Zot:1)
  7 demonspawn warmongers
  12 deep elf sorcerers
  15 frost giants
  9 emperor scorpions
  14 vault wardens
  12 ghost moths
  2 spectral juggernauts
  4 caustic shrike zombies
  6 iron dragons
  7 shard shrike simulacra
  10 draconian shifters
  32 balrugs
  3 spectral caustic shrikes
  8 draconian scorchers
  7 curse skulls
  6 deep elf elementalists
  13 ghouls
  A broodmother (Spider:3)
  9 draconian annihilators
  13 reapers
  11 cacodemons (Pan)
  18 angels (Pan)
  4 demonspawn blood saints (Pan)
  7 draconian stormcallers
  14 formless jellyfish
  11 ironbound preservers
  2 juggernaut zombies
  17 very ugly things
  3 caustic shrike skeletons (Depths:2)
  9 quicksilver oozes
  3 orc warlords
  2 spriggan defenders (Depths:3)
  19 war gargoyles
  3 juggernaut skeletons
  5 demonspawn corrupters
  Nessos (D:15)
  15 stone giants
  18 apis (Pan)
  5 ironbound thunderhulks
  8 ophanim (Pan)
  8 lorocyprocas
  3 demonspawn black suns (Pan)
  6 putrid mouths
  10 deep elf annihilators
  A spectral titan (Tar:3)
  13 vampire knights
  8 deep elf demonologists
  19 green draconians
  15 white draconians
  9 yellow draconians
  14 bennus
  11 black draconians
  15 purple draconians
  8 dire elephants
  17 elemental wellsprings
  11 wendigos
  3 minotaurs
  4 halazid warlocks (WizLab)
  8 spark wasps
  14 eidola
  The ghost of rotlqkf the Devastator, a journeyman DECj of Vehumet (Orc:2)
  7 red draconians
  Snorg (Orc:1)
  7 deep elf death magi
  7 blizzard demons
  6 ettins
  A spectral iron giant (Tar:5)
  5 merfolk impalers
  12 iron golems
  8 green deaths (Pan)
  29 mummy priests
  4 fire dragons
  14 yaktaur captains
  4 entropy weavers
  3 spectral quicksilver dragons
  4 spriggan zombies
  13 jiangshi
  2 quicksilver dragon zombies
  37 vault guards
  6 spectral spriggans
  10 ice dragons
  6 great orbs of eyes
  Harold (Orc:1)
  8 deep elf high priests
  12 caustic shrike simulacra
  10 hell beasts
  4 spriggan skeletons
  4 salamander tyrants
  6 spriggan air magi
  3 hydras
  2 quicksilver dragon skeletons (Depths:2)
  2 fenstrider witch zombies
  A merfolk avatar (Shoals:1)
  23 centaur warriors
  5 ironbound frosthearts
  5 rakshasas
  7 two-headed ogres
  2 merfolk aquamancers
  9 juggernaut simulacra
  2 ogre magi
  3 radroaches
  4 boulder beetles
  13 stokers
  2 alligator snapping turtles (Shoals:3)
  9 satyrs
  8 death knights
  A titan zombie (Crypt:3)
  26 dancing weapons
  8 tengu warriors
  4 deep troll earth magi
  8 death yaks
  A deep troll shaman (Depths:4)
  6 vampire magi
  66 death scarabs
  4 orc high priests (Orc:2)
  19 hell hogs
  3 thrashing horrors
  3 sphinx skeletons
  A shock serpent (shapeshifter) (Depths:3)
  A spectral dire elephant (Tar:1)
  17 hell knights
  6 spriggan berserkers
  5 occultists
  13 demonic crawlers
  A spectral storm dragon (Tar:1)
  10 deep elf knights
  2 titan skeletons
  3 wretched stars
  44 sun demons
  28 soul eaters
  12 crystal echidnas
  A fire crab (Volcano)
  Amaemon (D:10)
  7 skysharks
  2 pharaoh ants
  27 shadow wraiths
  11 cherubim (Pan)
  2 iron trolls
  A spectral spark wasp (WizLab)
  5 glowing orange brains
  20 sixfirhies
  The ghost of nkoura the Cleaver, a novice DsGl of Hepliaklqana (D:9)
  A storm dragon skeleton (Depths:2)
  A bunyip zombie (Crypt:3)
  A death drake (shapeshifter) (Vaults:4)
  5 spatial maelstroms (Abyss:5)
  3 anaconda zombies
  6 shadow demons
  53 skeletal warriors
  4 sea snakes
  A sea snake (shapeshifter) (D:13)
  3 orb spiders
  11 flayed ghosts
  A sun moth (Spider:4)
  45 deep trolls
  4 bog bodies
  6 spriggan simulacra
  5 quicksilver dragon simulacra
  A glowing orange brain (shapeshifter) (Vaults:5)
  7 lindwurms
  2 obsidian statues
  2 golden dragon skeletons (Depths:2)
  3 spectral hydras
  9 orc knights
  10 necromancers
  3 arcanists
  A bunyip skeleton (Pan)
  5 deep elf archers
  23 ironbound convokers
  2 anaconda skeletons
  31 large abominations
  A wolf spider (shapeshifter) (Vaults:5)
  3 spectral wolf spiders (WizLab)
  34 phantasmal warriors
  A fenstrider witch simulacrum (Coc:1)
  7 orc sorcerers
  19 wolf spiders
  9 steelbarb worms
  25 deep elf pyromancers
  8 wolf spider zombies
  An alligator zombie (Hell)
  A faun (shapeshifter) (Vaults:4)
  An iron dragon zombie (Depths:3)
  22 deep elf zephyrmancers
  10 harpies
  2 tengu skeletons (Depths:2)
  An alligator skeleton (Hell)
  16 manticores
  17 fauns
  3 shining eyes
  2 iron dragon skeletons (Depths:2)
  2 frost giant skeletons (Depths:2)
  46 ugly things
  2 worldbinders (Abyss:5)
  11 cyclopes
  10 kobold blastminers
  2 centaur zombies
  2 naga zombies (Crypt:3)
  An elephant (D:8)
  Maurice (D:8)
  25 moths of wrath
  5 merfolk sirens
  A dire elephant zombie (Tomb:2)
  4 water nymphs
  2 gargoyles
  13 rust devils
  4 black mambas
  4 eyes of devastation
  2 fire giant skeletons
  2 stone giant skeletons
  4 ice statues
  5 molten gargoyles
  6 titan simulacra
  5 torpor snails
  3 apocalypse crabs (Geh:3)
  14 vault sentinels
  15 orange demons
  12 cane toads
  22 smoke demons
  A centaur skeleton (Pan)
  3 unseen horrors
  43 yaktaurs
  5 rime drakes
  An alligator snapping turtle skeleton (Coc:4)
  A death yak zombie (Crypt:1)
  A red draconian zombie (Crypt:2)
  19 hellions
  7 ice devils
  7 komodo dragons
  9 redback zombies (Spider:1)
  24 freezing wraiths
  A spark wasp simulacrum (Depths:3)
  20 tormentors
  3 iron giant simulacra
  6 anaconda simulacra
  3 hydra zombies
  2 death yak skeletons (Crypt:1)
  22 merfolk
  3 tengu conjurers
  6 meliai
  6 harpy zombies
  2 silent spectres
  3 trolls
  5 wind drakes
  48 guardian mummies
  A polar bear (shapeshifter) (D:15)
  4 red devils
  4 polar bears
  8 spectral harpies
  12 starcursed masses (Abyss:5)
  2 shadow dragon simulacra
  12 hellwings (Pan)
  16 tarantellas
  5 hornets
  7 glass eyes
  A human skeleton (Vaults:4)
  10 blink frogs
  11 culicivora zombies (Spider:1)
  A glass eye (shapeshifter) (Vaults:5)
  3 harpy skeletons
  A raiju (Abyss:5)
  12 dream sheep
  2 hydra skeletons (Hell)
  An ice dragon zombie (Crypt:2)
  A dream sheep (shapeshifter) (Vaults:4)
  2 iron dragon simulacra
  8 snapping turtles
  3 stone giant simulacra
  6 tarantella zombies (Spider:1)
  3 ettin zombies
  13 jumping spiders
  Sigmund (D:2)
  A slime creature (shapeshifter) (Vaults:4)
  110 slime creatures
  2 centaur simulacra
  11 culicivoras
  An ice dragon skeleton (Pan)
  5 ynoxinuls
  16 water elementals
  An air elemental (Elf:2)
  2 ettin skeletons
  55 flying skulls
  9 wraiths
  14 dire elephant simulacra
  3 wyverns
  4 naga simulacra
  2 shadows
  2 vampires
  27 ushabtiu
  40 yaks
  5 spriggans
  2 humans (Shoals:1)
  4 basilisks
  A fire elemental (Elf:1)
  A hog (Shoals:1)
  An alligator snapping turtle simulacrum (Coc:3)
  Grum (D:9)
  2 golden eyes
  The ghost of nkoura the Cudgeller, an amateur DsGl of Hepliaklqana (D:3)
  18 neqoxecs
  A sea snake simulacrum (Hell)
  2 steam dragons (Volcano)
  17 vampire mosquitoes
  43 redbacks
  15 chaos spawn
  15 spatial vortices (Abyss:5)
  8 wargs
  A glowing shapeshifter zombie (Crypt:1)
  4 acid dragons
  13 harpy simulacra
  13 water moccasins
  6 hell hounds
  A faun zombie (Crypt:2)
  3 hydra simulacra
  A swamp drake (Orc:1)
  4 glowing shapeshifter skeletons
  11 orc warriors
  A naga skeleton (Crypt:2)
  4 sky beasts
  3 black bears
  A swamp dragon zombie (Crypt:2)
  5 ettin simulacra
  An ice beast (D:6)
  An ice beast (shapeshifter) (Vaults:5)
  5 boggarts (Vaults:3)
  A human zombie (Vaults:4)
  8 ogres
  A black mamba simulacrum (Crypt:1)
  15 wolves
  20 centaurs
  A kobold brigand (D:8)
  A brain worm (Abyss:5)
  11 gnoll sergeants
  15 necrophages
  2 scorpions
  14 bullfrogs
  5 earth elementals
  17 wights
  A yaktaur skeleton (Crypt:1)
  7 wyvern skeletons (Crypt:3)
  18 killer bees
  4 electric eels
  8 howler monkeys
  2 lava snakes (Volcano)
  A crimson imp (Orc:1)
  A bullfrog zombie (Crypt:1)
  8 hounds
  9 jellies
  8 gnoll boudas (Bailey)
  An iron imp (Orc:1)
  20 orc priests
  Crazy Yiuf (D:5)
  3 iguanas (D:5)
  4 sleepcaps
  28 orc wizards
  12 hell rats (Hell)
  A crocodile skeleton (Crypt:2)
  An acid dragon skeleton (Crypt:1)
  A boggart simulacrum (D:14)
  57 mummies
  18 gnolls
  12 adders
  2 shadow imps
  A white imp (D:7)
  An ufetubus (Vaults:4)
  3 worms
  A dart slug (D:4)
  61 orcs
  4 bats
  9 endoplasms
  6 giant cockroaches
  11 goblins
  4 hobgoblins
  A jackal (D:2)
  9 kobolds
  6 quokkas
  10 ball pythons
  2 frilled lizards
  A gnoll zombie (Ossuary)
  A goblin skeleton (Crypt:1)
  2 hobgoblin zombies (Ossuary)
  2 kobold skeletons
  2 kobold zombies (Ossuary)
  3 orc zombies (Ossuary)
  2 rats (D:1)
  A river rat skeleton (Crypt:1)
  7 creeping infernos
  9 fire vortices
  A tentacle (Shoals:2)
3953 creatures vanquished.

Vanquished Creatures (collateral kills)
  An iron giant (Dis:7)
  2 Orb Guardians (Zot:5)
  A daeva (Pan)
  2 balrugs (Pan)
  4 angels (Pan)
  A cacodemon (Pan)
  6 ophanim (Pan)
  5 apis (Pan)
  A green death (Pan)
  2 sun demons (Pan)
  4 cherubim (Pan)
  A sixfirhy (Pan)
  An orange demon (Pan)
  A tormentor (Pan)
  A red devil (Pan)
  A bullfrog (D:7)
  An orc wizard (D:7)
  A mummy (Ossuary)
  3 gnolls (D:7)
  2 dart slugs (D:3)
  3 orcs
  An endoplasm (D:4)
  2 goblins (D:3)
  A kobold (D:4)
  A rat (D:3)
49 creatures vanquished.

Vanquished Creatures (others)
  A shard shrike (Coc:7)
  A tentacled monstrosity (Zot:4)
  A searing wretch (Geh:2)
  A deep elf master archer (Elf:3)
  2 deep elf blademasters (Elf:3)
  2 Executioners (Pan)
  An eldritch tentacle (Pan)
  A draconian knight (Zot:3)
  A daeva (Pan)
  A draconian scorcher (Zot:3)
  A fire giant (Depths:4)
  A frost giant (Vaults:4)
  A deep elf elementalist (Elf:3)
  A draconian stormcaller (Zot:1)
  2 angels (Pan)
  An ironbound preserver (Vaults:2)
  A demonspawn blood saint (Pan)
  A stone giant (Depths:1)
  A draconian annihilator (Zot:3)
  A green draconian (Zot:3)
  A purple draconian (Zot:2)
  A deep elf annihilator (Elf:3)
  An ettin (Vaults:4)
  A red draconian (Zot:2)
  A merfolk impaler (Shoals:3)
  A hydra (Lair:5)
  2 vault guards
  2 death scarabs (Tomb:1)
  A dancing weapon (Elf:2)
  A demonic crawler (Spider:3)
  An occultist (Depths:1)
  A sun demon (Pan)
  A skeletal warrior (Crypt:3)
  2 deep elf knights (Elf:2)
  A spatial maelstrom (Abyss:5)
  3 deep trolls
  A phantasmal warrior (Vaults:4)
  An arcanist (Vaults:4)
  An ironbound convoker (Vaults:3)
  A deep elf pyromancer (Elf:3)
  2 orb spiders (Spider:4)
  A lindwurm (Vaults:2)
  A deep elf zephyrmancer (Elf:2)
  2 harpies
  An orc knight (Vaults:1)
  A large abomination (Pan)
  2 manticores
  2 fauns (Shoals:4)
  A frost giant skeleton (Depths:2)
  An orange demon (D:10)
  A vault sentinel (Vaults:4)
  2 yaktaurs
  An anaconda simulacrum (Coc:1)
  An ice devil (D:10)
  A harpy zombie (WizLab)
  2 tarantellas
  A wind drake (Shoals:4)
  A dream sheep (Shoals:3)
  A flying skull (WizLab)
  A culicivora (Spider:4)
  A slime creature (D:14)
  A jumping spider (Spider:2)
  A spriggan (Depths:3)
  A chaos spawn (Pan)
  2 redbacks
  A harpy simulacrum (Coc:6)
  A glowing shapeshifter skeleton (Depths:2)
  An ice beast (D:8)
  A centaur (D:15)
  A bullfrog (Lair:3)
  A wight (D:7)
  An orc priest (D:8)
  An orc wizard (Orc:1)
  A mummy (Crypt:3)
  A shadow imp (Orc:1)
  A white imp (Orc:1)
  9 orcs
  A kobold (D:8)
  2 creeping infernos
  A lurking horror (Abyss:7)
  4 starspawn tentacles
  3 tentacles (Shoals:2)
111 creatures vanquished.

Grand Total: 4113 creatures vanquished

Notes
Turn   | Place    | Note
-------+----------+-------------------------------------------
     0 | D:1      | december12 the Barachi Artificer began the quest for the
                  | Orb.
     0 | D:1      | Reached XP level 1. HP: 15/15 MP: 1/1
   306 | D:1      | Reached XP level 2. HP: 13/22 MP: 2/2
   744 | D:1      | Reached XP level 3. HP: 21/23 MP: 3/3
   839 | D:1      | Found a faded altar of an unknown god.
   890 | D:1      | Prayed at the altar of an unknown god.
   890 | D:1      | Became a worshipper of Ru the Awakened
  1025 | D:1      | Gained mutation: You cannot be stealthy. [Ru sacrifice]
  1307 | D:3      | Noticed a black bear
  1388 | D:3      | Reached XP level 4. HP: 18/37 MP: 4/4
  1575 | D:3      | Reached XP level 5. HP: 43/43 MP: 5/5
  1824 | D:4      | Reached skill level 5 in Fighting
  1943 | D:4      | Found a blossoming altar of Fedhas.
  1981 | D:4      | Noticed an ogre
  2057 | D:3      | Reached XP level 6. HP: 51/51 MP: 6/6
  2244 | D:3      | Reached skill level 5 in Evocations
  2344 | D:3      | Killed a black bear
  2472 | D:3      | Found a large runed translucent door.
  2472 | D:3      | Found a large runed translucent door.
  2473 | D:3      | Noticed nkoura's ghost (amateur DsGl)
  2589 | D:2      | Noticed Sigmund
  2617 | D:2      | Killed Sigmund
  2618 | D:2      | Reached XP level 7. HP: 43/60 MP: 7/7
  2869 | D:2      | Found a hide-covered altar of Uskayaw.
  3476 | D:5      | Entered Level 5 of the Dungeon
  3587 | D:5      | Found a sand-covered staircase.
  3651 | Ossuary  | Entered an ossuary
  3752 | Ossuary  | Reached XP level 8. HP: 18/70 MP: 8/8
  3992 | Ossuary  | Reached skill level 1 in Long Blades
  4181 | D:5      | Identified the +4 hammer "Datwun" {holy, rPois rCorr Str-5}
  4188 | D:5      | Found a runed translucent door.
  4189 | D:5      | Noticed Crazy Yiuf
  4529 | D:5      | Killed Crazy Yiuf
  4597 | D:6      | Gained mutation: You are missing an eye, making it more
                  | difficult to aim. [Ru sacrifice]
  4597 | D:6      | Reached * piety under Ru
  4603 | D:6      | You are sucked into a shaft and drop 1 floor!
  5157 | D:6      | Reached skill level 5 in Long Blades
  5175 | D:6      | Reached XP level 9. HP: 12/78 MP: 9/9
  5241 | D:6      | Found a hide-covered altar of Uskayaw.
  5436 | D:6      | Reached skill level 10 in Fighting
  5532 | D:6      | Found a staircase to the Ecumenical Temple.
  5802 | D:6      | Found a shimmering blue altar of Sif Muna.
  6762 | D:8      | Found a shadowy altar of Dithmenos.
  6803 | D:8      | Noticed an elephant
  6804 | D:8      | Noticed Maurice
  6925 | D:8      | Found a shimmering altar of Xom.
  6952 | D:7      | Reached skill level 5 in Dodging
  7015 | D:8      | Noticed a green ugly thing
  7141 | D:8      | Something stole the +4 hammer "Datwun" {holy, rPois rCorr
                  | Str-5}
  7142 | D:8      | Something stole 10 poisoned darts
  7158 | D:8      | Something stole 476 gold
  7159 | D:8      | Something stole 120 gold
  7183 | D:8      | Killed Maurice
  7184 | D:8      | Reached XP level 10. HP: 61/86 MP: 1/10
  7188 | D:8      | Killed a green ugly thing
  7371 | D:8      | Found a staircase to the Lair.
  7397 | D:8      | Gained mutation: You cannot study or use magical devices.
                  | [Ru sacrifice]
  7397 | D:8      | Reached ** piety under Ru
  7397 | D:8      | Reached *** piety under Ru
  7397 | D:8      | Reached **** piety under Ru
  7453 | D:8      | Killed an elephant
  7537 | D:8      | Reached skill level 10 in Long Blades
  7718 | D:9      | Found a transporter.
  7720 | D:9      | Noticed a two-headed ogre
  7720 | D:9      | Found a transporter.
  7741 | D:9      | Noticed Grum
  7796 | D:9      | Killed Grum
  7841 | D:9      | Noticed a cyclops
  7852 | D:9      | Killed a cyclops
  8000 | D:9      | Found a flagged portal.
  8042 | Bailey   | Entered a bailey
  8722 | Bailey   | Reached skill level 1 in Shapeshifting
  8722 | Bailey   | Reached XP level 11. HP: 74/95 MP: 11/11
  8990 | Bailey   | Identified the ring "Toenn" {rC- Int+6 Dex+6}
  9553 | D:9      | Noticed nkoura's ghost (novice DsGl)
  9553 | D:9      | Identified the +0 giant spiked club of Qyath {speed, Dex+3}
  9553 | D:9      | Noticed a two-headed ogre
  9555 | D:9      | Noticed a two-headed ogre
  9567 | D:9      | Noticed a two-headed ogre
  9590 | D:9      | Killed a two-headed ogre
  9929 | D:9      | Noticed a deep elf pyromancer
  9957 | D:9      | Killed a deep elf pyromancer
 10183 | D:10     | Entered Level 10 of the Dungeon
 10298 | D:10     | Found an ornate altar of the Wu Jian Council.
 10355 | D:10     | Found Itevas's General Store.
 10361 | D:10     | Bought a potion of invisibility for 128 gold pieces
 10494 | D:10     | Found an ancient bone altar of Kikubaaqudgha.
 10580 | D:10     | Noticed a two-headed ogre
 10590 | D:10     | Killed a two-headed ogre
 10640 | D:10     | Noticed Amaemon
 10671 | D:10     | Killed Amaemon
 11308 | D:11     | Reached skill level 5 in Shapeshifting
 11370 | D:11     | Noticed a boulder beetle
 11434 | D:11     | Killed a boulder beetle
 11435 | D:11     | Reached XP level 12. HP: 92/103 MP: 12/12
 11580 | D:11     | Noticed a boulder beetle
 11599 | D:11     | Killed a boulder beetle
 12448 | D:12     | Found an opulent altar of Gozag.
 12466 | D:12     | Found a staircase to the Orcish Mines.
 12684 | D:12     | Found a portal to a secret trove of treasure.
 13306 | D:13     | Noticed a tengu warrior
 13323 | D:13     | Killed a tengu warrior
 13324 | D:13     | Reached skill level 10 in Dodging
 13712 | D:13     | Found a gate to the Vaults.
 13712 | D:13     | Noticed a vault guard
 13712 | D:13     | Noticed a centaur warrior
 13712 | D:13     | Noticed a vault guard
 13712 | D:13     | Noticed a vault guard
 13712 | D:13     | Noticed a two-headed ogre
 13712 | D:13     | Noticed a vault guard
 13727 | D:13     | Killed a vault guard
 13728 | D:13     | Gained mutation: You can hop long distances. [Barachi
                  | growth]
 13728 | D:13     | Reached XP level 13. HP: 109/111 MP: 13/13
 13743 | D:13     | Killed a vault guard
 13744 | D:13     | Reached skill level 15 in Long Blades
 13776 | D:13     | Killed a vault guard
 13781 | D:13     | Gained mutation: You have somewhat slow reflexes. (EV -5)
                  | [Ru sacrifice]
 13781 | D:13     | Reached ***** piety under Ru
 13783 | D:13     | Killed a vault guard
 14181 | D:14     | Found a gate leading to a gauntlet.
 14191 | Gauntlet | Entered a Gauntlet
 14191 | Gauntlet | Found a transporter.
 14198 | Gauntlet | Found a transporter.
 14201 | Gauntlet | Found a transporter.
 14212 | Gauntlet | Found a transporter.
 14216 | Gauntlet | Found a transporter.
 14219 | Gauntlet | Found a runed translucent door.
 14219 | Gauntlet | Found a runed translucent door.
 14223 | Gauntlet | Found a transporter.
 14244 | Gauntlet | Found a transporter.
 14254 | Gauntlet | Found a runed translucent gate.
 14255 | Gauntlet | Found a transporter.
 14255 | Gauntlet | Found a runed translucent gate.
 14256 | Gauntlet | Found a runed translucent gate.
 14267 | Gauntlet | Found a transporter.
 14290 | Gauntlet | Found a transporter.
 14303 | Gauntlet | Found a transporter.
 14303 | Gauntlet | Found a transporter.
 14358 | Gauntlet | Found a transporter.
 14359 | Gauntlet | Found a transporter.
 14456 | Gauntlet | Identified the +2 pair of boots of the Iron City of Dis
                  | {Stlth+}
 14609 | Gauntlet | Identified the +2 hat of Misanthropy {Rampage Int+5 Stlth+}
 14636 | Gauntlet | Noticed a minotaur
 14640 | Gauntlet | Killed a minotaur
 14657 | Gauntlet | Identified the +4 short sword of Slime {elec, Str+4 Int+3}
 14719 | D:14     | Identified the +0 whip of the Hungering Gods {pain, rF+}
 14784 | D:14     | Found Murisuku's Mayhem Merchandise.
 15389 | D:15     | Entered Level 15 of the Dungeon
 15570 | D:15     | Found a broken altar of Ashenzari.
 15594 | D:15     | Reached XP level 14. HP: 104/105 MP: 14/14
 15620 | D:15     | Noticed Nessos
 15631 | D:15     | Killed Nessos
 15765 | D:15     | Reached skill level 10 in Shapeshifting
 16547 | D:15     | HP: 3/100 [white ugly thing (20)]
 16666 | D:15     | Found a staircase to the Depths.
 16666 | D:15     | Noticed a frost giant
 16728 | D:15     | Killed a frost giant
 17168 | Lair:1   | Entered Level 1 of the Lair of Beasts
 17815 | Lair:2   | Identified 2 scrolls of acquirement
 18067 | Lair:2   | Reached skill level 15 in Fighting
 18182 | Lair:2   | Found a staircase to the Shoals.
 18672 | Lair:3   | Found a hole to the Spider Nest.
 19536 | Lair:4   | Identified the +4 spear "Catsuz" {flame, rPois Dex+5 SInv}
 19545 | Lair:4   | Gained mutation: You are clumsy. (Dex -2) [Ru sacrifice]
 20106 | Lair:5   | Entered Level 5 of the Lair of Beasts
 20131 | Lair:5   | Reached XP level 15. HP: 94/117 MP: 15/15
 20161 | Lair:5   | Found a staircase to the Slime Pits.
 20843 | Orc:1    | Entered Level 1 of the Orcish Mines
 20859 | Orc:1    | Found a dark tunnel.
 20924 | Volcano  | Entered a volcano
 20993 | Volcano  | Found a burning altar of Makhleb.
 21794 | Lair:5   | Identified the +3 long sword "Oteclo" {drain, rElec rF-
                  | Str+2 Int+4}
 22165 | Lair:5   | Gained mutation: You occasionally shout uncontrollably at
                  | your foes. [Ru sacrifice]
 22647 | Lair:5   | Found a burning altar of Makhleb.
 22823 | Lair:5   | Found a gateway to Hell.
 22831 | Lair:5   | Identified the +1 whip of Qinagi {flame, Int+10}
 22831 | Lair:5   | Identified the ring "Cyekh" {Will+ Stlth+}
 24204 | Orc:1    | Identified the +0 hat "Desoschu" {Int+3 Stlth+}
 24237 | Orc:2    | Entered Level 2 of the Orcish Mines
 24237 | Orc:2    | Found an iron altar of Okawaru.
 24239 | Orc:2    | Noticed Snorg
 24261 | Orc:1    | Killed Snorg
 24318 | Orc:1    | Noticed Harold
 24326 | Orc:1    | Killed Harold
 24356 | Orc:2    | Found a staircase to the Elven Halls.
 24441 | Orc:2    | Found Ujeoteith's Antique Weapon Shoppe.
 24445 | Orc:2    | Bought an ivory scimitar for 216 gold pieces
 24445 | Orc:2    | Identified the +4 scimitar "Mequf" {elec, rElec rF+ Int-4
                  | Stlth+} (You bought it in a shop on level 2 of the Orcish
                  | Mines)
 24510 | Orc:1    | Learned a level 2 spell: Lesser Beckoning
 24598 | Orc:2    | Reached skill level 15 in Shapeshifting
 24666 | Orc:2    | Found Needuo Usio's Distillery.
 24675 | Orc:2    | Bought a potion of haste for 140 gold pieces
 24675 | Orc:2    | Bought a potion of heal wounds for 70 gold pieces
 24675 | Orc:2    | Bought a potion of heal wounds for 70 gold pieces
 24675 | Orc:2    | Bought a potion of heal wounds for 70 gold pieces
 24675 | Orc:2    | Bought a potion of lignification for 42 gold pieces
 24675 | Orc:2    | Bought a potion of mutation for 112 gold pieces
 24856 | Orc:2    | Reached XP level 16. HP: 82/82 MP: 16/16
 25192 | Orc:2    | Found Kiubis's General Store.
 25194 | Orc:2    | Found Qatrux's Jewellery Shop.
 25211 | Orc:2    | Bought a potion of heal wounds for 80 gold pieces
 25211 | Orc:2    | Bought 2 scrolls of fog for 128 gold pieces
 25221 | Orc:2    | Found a runed translucent gate.
 25221 | Orc:2    | Found a runed translucent gate.
 25222 | Orc:2    | Found a runed translucent gate.
 25228 | Orc:2    | Found an opulent altar of Gozag.
 25228 | Orc:2    | Found Homeg's Assorted Antiques.
 25228 | Orc:2    | Noticed rotlqkf's ghost (journeyman DECj)
 25438 | Orc:2    | Found Vythra Zuutt's Antique Armour Boutique.
 25439 | Orc:2    | Found Hexkoan's Assorted Antiques.
 25445 | Orc:2    | Bought a scroll labelled VESTRO MIEZAE for 33 gold pieces
 25445 | Orc:2    | Bought a scroll labelled BUOKAO CEPHA for 33 gold pieces
 25445 | Orc:2    | Bought a scroll labelled VESTRO MIEZAE for 33 gold pieces
 25445 | Orc:2    | Bought a scroll of blinking for 247 gold pieces
 25524 | Orc:2    | Killed rotlqkf's ghost
 25570 | Orc:2    | Bought a scroll of fog for 96 gold pieces
 25570 | Orc:2    | Bought a scroll of fog for 96 gold pieces
 25570 | Orc:2    | Bought a scroll of fear for 96 gold pieces
 25570 | Orc:2    | Bought a scroll labelled WEXUTTI RISTRIF for 24 gold pieces
 25573 | Orc:2    | Acquired a +2 cloak of willpower
 25594 | Orc:2    | Acquired the +1 pair of boots of Ariypups {rElec}
 25793 | D:9      | Killed nkoura's ghost
 25911 | Spider:1 | Entered Level 1 of the Spider Nest
 26291 | Spider:2 | Reached skill level 1 in Translocations
 26313 | Spider:2 | Reached skill level 1 in Spellcasting
 26741 | Spider:2 | Acquired a +4 triple sword of distortion
 26984 | Spider:2 | Identified the +3 hand axe of Ad Valorem {distort, Str+2
                  | Dex+3}
 27764 | Spider:3 | Reached XP level 17. HP: 127/127 MP: 13/22
 28198 | Spider:4 | Entered Level 4 of the Spider Nest
 28259 | Spider:4 | Gained mutation: You are dopey. (Int -2) [Ru sacrifice]
 28259 | Spider:4 | Reached ****** piety under Ru
 29222 | Spider:4 | Reached skill level 5 in Translocations
 29520 | Spider:4 | Got a gossamer rune of Zot
 29925 | Shoals:1 | Entered Level 1 of the Shoals
 29962 | Shoals:1 | Reached skill level 5 in Spellcasting
 30259 | Shoals:1 | Noticed Kirke
 30270 | Shoals:1 | Killed Kirke
 31321 | Shoals:2 | Noticed a kraken
 31332 | Shoals:2 | Killed a kraken
 31592 | Shoals:3 | Identified the +1 scale mail of Jydo {Int+4}
 31609 | Shoals:3 | Noticed Roxanne
 31630 | Shoals:3 | Found Piseh's General Store.
 31639 | Shoals:3 | Bought a potion of resistance for 140 gold pieces
 31639 | Shoals:3 | Bought a potion of might for 56 gold pieces
 31639 | Shoals:3 | Bought a scroll of fog for 56 gold pieces
 31639 | Shoals:3 | Bought a scroll of vulnerability for 56 gold pieces
 31639 | Shoals:3 | Bought a scroll of vulnerability for 56 gold pieces
 31683 | Shoals:3 | Found Honyv's Armour Shop.
 31691 | Shoals:3 | Reached XP level 18. HP: 131/131 MP: 17/26
 31922 | Shoals:3 | Found Qietiuj's Jewellery Shop.
 31931 | Shoals:3 | Bought the ring "Inkoba Oxke" {rF+ Dex+3} for 497 gold
                  | pieces
 31974 | Shoals:3 | Noticed Donald
 31984 | Shoals:3 | Killed Donald
 32547 | Shoals:4 | Entered Level 4 of the Shoals
 32792 | Shoals:3 | Learned a level 4 spell: Manifold Assault
 32798 | Shoals:3 | Learned a level 5 spell: Freezing Cloud
 32904 | Shoals:4 | Reached skill level 1 in Air Magic
 32907 | Shoals:4 | Reached skill level 1 in Ice Magic
 32911 | Shoals:4 | Reached skill level 1 in Conjurations
 33397 | Shoals:4 | Identified the +6 sling of No Interval {drain, rN++ Int-2}
 33413 | Shoals:4 | Reached skill level 2 in Ice Magic
 33557 | Shoals:4 | Got a barnacled rune of Zot
 34040 | Elf:1    | Entered Level 1 of the Elven Halls
 34245 | Elf:1    | Noticed a Tzitzimitl
 34399 | Elf:1    | Found Xionat's Weapon Shop.
 34676 | Elf:2    | Reached skill level 3 in Ice Magic
 34725 | Elf:2    | Paralysed by an air elemental for 1 turns
 34969 | Elf:2    | Reached XP level 19. HP: 154/154 MP: 29/29
 35100 | Elf:2    | Found a runed translucent gate.
 35100 | Elf:2    | Found a runed translucent gate.
 35100 | Elf:2    | Found a runed translucent gate.
 35190 | Elf:2    | Noticed Agnes
 35198 | Elf:2    | Reached skill level 5 in Air Magic
 35198 | Elf:2    | Killed Agnes
 35218 | Elf:2    | Reached skill level 4 in Ice Magic
 35672 | Elf:3    | Entered Level 3 of the Elven Halls
 35692 | Elf:3    | Noticed Bai Suzhen
 35708 | Elf:3    | Killed Bai Suzhen
 35993 | Elf:3    | Reached skill level 5 in Ice Magic
 36061 | Elf:3    | Identified the +0 robe "Seitan" {rElec rN+ Str+8 Int-4}
 36066 | Elf:3    | Reached skill level 5 in Conjurations
 36289 | Elf:3    | Identified the ring of Ytrut {rF+ Str+2 Slay+3}
 36292 | Elf:3    | Noticed an Ice Fiend
 36294 | Elf:3    | Reached skill level 6 in Ice Magic
 36346 | Elf:3    | Identified the +2 orcbow of Breach {drain, Drain rC+ SInv}
 36347 | Elf:3    | Identified the +0 ring mail of Cheibriados's Outrage
                  | {Int+5}
 36407 | Elf:3    | Found the +2 hood of the Assassin {Detect Stab+ Stlth++}
 36409 | Elf:3    | Identified the staff of Lirong {rF+ Will++ Fire}
 36420 | Elf:3    | Identified the +1 steam dragon scales of Ru, Screaming {rF+
                  | Regen+ Str-4}
 36500 | Elf:3    | Identified the amulet "Mipeeres" {rPois rN+ Regen+ Str+4
                  | Dex-3}
 36634 | Elf:3    | Found Ogrigup's Magic Scroll Shoppe.
 36637 | Elf:3    | Bought a scroll of blinking for 112 gold pieces
 36637 | Elf:3    | Bought a scroll of teleportation for 45 gold pieces
 36757 | Elf:3    | Reached XP level 20. HP: 167/167 MP: 32/32
 36798 | Elf:3    | Learned a level 4 spell: Passage of Golubria
 36803 | Elf:3    | Learned a level 4 spell: Vhi's Electric Charge
 37009 | Vaults:1 | Entered Level 1 of the Vaults
 37397 | Vaults:1 | Reached skill level 15 in Dodging
 37504 | Vaults:1 | Identified the +0 leather armour of the Furrier {*Slow rN++
                  | SInv}
 37650 | Vaults:1 | Reached skill level 7 in Ice Magic
 37819 | Vaults:1 | Identified the +0 robe of the Shoals {rPois Str-5 SInv}
 38138 | Vaults:2 | Noticed a bone dragon
 38156 | Vaults:2 | Killed a bone dragon
 38213 | Vaults:2 | Found a staircase to the Crypt.
 38295 | Vaults:2 | Reached skill level 8 in Ice Magic
 38644 | Vaults:2 | Reached skill level 9 in Ice Magic
 38821 | Vaults:2 | Reached skill level 10 in Ice Magic
 39047 | Vaults:2 | Reached skill level 10 in Spellcasting
 39051 | Vaults:2 | Reached skill level 11 in Ice Magic
 39437 | Vaults:3 | Reached XP level 21. HP: 156/156 MP: 26/35
 39636 | Vaults:3 | Reached skill level 12 in Ice Magic
 40431 | Vaults:3 | Learned a level 7 spell: Ozocubu's Refrigeration
 40501 | Vaults:4 | Reached skill level 13 in Ice Magic
 40506 | Vaults:4 | Found Remogypp's General Store.
 40509 | Vaults:4 | Bought a scroll of teleportation for 54 gold pieces
 40509 | Vaults:4 | Bought a scroll of teleportation for 54 gold pieces
 40509 | Vaults:4 | Bought a potion of attraction for 54 gold pieces
 40509 | Vaults:4 | Bought a potion of attraction for 54 gold pieces
 40596 | Vaults:4 | Found a magical portal.
 40601 | WizLab   | Entered Borgnjor's Mausoleum
 40813 | WizLab   | Reached skill level 14 in Ice Magic
 41038 | WizLab   | Learned a level 5 spell: Yara's Violent Unravelling
 41181 | WizLab   | Got Kikubaaqudgha's Vademecum on Zombies
 41183 | WizLab   | Got the Tome of Lamentation
 41314 | Vaults:4 | Reached skill level 15 in Ice Magic
 41410 | Vaults:4 | Found Rolom's Weapon Boutique.
 41688 | Vaults:4 | Reached skill level 16 in Ice Magic
 42083 | Vaults:4 | Reached XP level 22. HP: 143/184 MP: 38/38
 42223 | Vaults:5 | Entered Level 5 of the Vaults
 42225 | Vaults:5 | Noticed an ancient lich
 42432 | Vaults:4 | Killed an ancient lich
 42433 | Vaults:4 | Reached skill level 17 in Ice Magic
 42514 | Vaults:5 | Noticed a golden dragon
 42532 | Vaults:4 | Killed a golden dragon
 42701 | Vaults:5 | Noticed Saint Roka
 42831 | Vaults:4 | Reached skill level 18 in Ice Magic
 42974 | Vaults:5 | Noticed an ancient lich
 42994 | Vaults:4 | Killed an ancient lich
 43081 | Vaults:4 | Killed Saint Roka
 43266 | Vaults:5 | Identified the +5 broad axe of Midsummer {holy, rPois}
 43399 | Vaults:5 | Learned a level 6 spell: Simulacrum
 43422 | Vaults:5 | Identified the +8 orcbow of Melee {flame, Str-5 Int+3}
 43427 | Vaults:5 | Identified the +4 arbalest of Causality {penet, +Blink Fly
                  | Str-5 Dex+4}
 43441 | Vaults:5 | Got the Codex of Curses
 43450 | Vaults:5 | Identified the staff of Bile {rElec rPois rF+ Hexes Poison}
 43519 | Vaults:5 | Reached skill level 15 in Spellcasting
 43590 | Vaults:5 | Got a silver rune of Zot
 43992 | Vaults:5 | Reached skill level 19 in Ice Magic
 44131 | Vaults:5 | Found Oluacs's Magic Scroll Boutique.
 44137 | Vaults:5 | Bought a scroll of blinking for 97 gold pieces
 44137 | Vaults:5 | Bought a scroll of immolation for 52 gold pieces
 44137 | Vaults:5 | Bought a scroll of vulnerability for 52 gold pieces
 44137 | Vaults:5 | Bought a scroll of fear for 52 gold pieces
 44137 | Vaults:5 | Bought a scroll of fog for 52 gold pieces
 44137 | Vaults:5 | Bought a scroll of vulnerability for 52 gold pieces
 44155 | Vaults:5 | Learned a level 5 spell: Silence
 44253 | Crypt:1  | Entered Level 1 of the Crypt
 44278 | Crypt:1  | Noticed Mennas
 44323 | Crypt:1  | Killed Mennas
 44324 | Crypt:1  | Reached XP level 23. HP: 46/178 MP: 42/42
 44471 | Crypt:1  | Identified the ring "Gotwiac" {Ice Will+ Dex+3 Slay+2}
 44471 | Crypt:1  | Noticed Josephina
 44494 | Crypt:1  | Killed Josephina
 45134 | Crypt:2  | Reached skill level 20 in Ice Magic
 46015 | Crypt:3  | Entered Level 3 of the Crypt
 46433 | Crypt:3  | Identified the +0 lajatang "december12's Bane" {holy,
                  | Stlth+}
 46445 | Crypt:3  | Got Kikubaaqudgha's Octavo of Despicable Mysteries
 46474 | Crypt:3  | Learned a level 5 spell: Borgnjor's Vile Clutch
 46502 | Crypt:3  | Reached skill level 21 in Ice Magic
 46632 | Crypt:3  | Learned a level 9 spell: Polar Vortex
 46646 | Crypt:3  | Found a basalt altar of Yredelemnul.
 46877 | Crypt:3  | Noticed Frederick
 46890 | Crypt:3  | Killed Frederick
 47010 | Crypt:3  | Reached XP level 24. HP: 192/192 MP: 44/44
 47291 | Crypt:3  | Found a staircase to the Tomb.
 48009 | Depths:1 | Entered Level 1 of the Depths
 48089 | Depths:1 | Reached skill level 22 in Ice Magic
 48156 | Depths:1 | Found a glowing golden altar of the Shining One.
 48194 | Depths:1 | Found a runed translucent door.
 48369 | Depths:1 | You fall into a shaft and drop 1 floor!
 48522 | Depths:1 | Found a one-way gate leading to the halls of Pandemonium.
 48703 | Depths:1 | Paralysed by something for 3 turns
 49232 | Depths:2 | Identified the +2 chain mail "Xeofotz" {rC++}
 49566 | Depths:2 | Noticed Norris
 49577 | Depths:2 | Killed Norris
 49934 | Depths:2 | Identified the ring of Xom's Ringing Laughter {rF+ rC+
                  | AC+4}
 50029 | Depths:2 | Reached skill level 23 in Ice Magic
 50148 | Depths:2 | Got the Compendium of the Nival Singularity
 50355 | Depths:2 | Learned a level 2 spell: Blink
 50693 | Depths:3 | Found a one-way gate to the infinite horrors of the Abyss.
 50954 | Depths:3 | Found a basalt altar of Yredelemnul.
 51031 | Depths:3 | Reached XP level 25. HP: 204/204 MP: 46/46
 51048 | Depths:3 | Noticed a juggernaut
 51056 | Depths:3 | Killed a juggernaut
 51280 | Depths:4 | Entered Level 4 of the Depths
 51293 | Depths:4 | Found Keyxanyuw's Jewellery Boutique.
 51295 | Depths:4 | Found Mozyvid's Antique Armour Shop.
 51298 | Depths:4 | Found a one-way gateway to a ziggurat.
 51378 | Depths:4 | Reached skill level 24 in Ice Magic
 51609 | Depths:4 | Noticed Parghit
 51723 | Depths:4 | Found Voushes's Weapon Boutique.
 51756 | Depths:3 | HP: 6/265 [Parghit/large rock (25)]
 51930 | Depths:4 | Found a gate to the Realm of Zot.
 52177 | Depths:4 | Found Bymuedog's Armour Boutique.
 52192 | Depths:4 | Found Ijokhol's Weapon Shoppe.
 52471 | Depths:4 | Learned a level 5 spell: Irradiate
 52528 | Depths:3 | Killed Parghit
 52959 | Shoals:3 | Killed Roxanne
 53182 | D:3      | Killed nkoura's ghost
 53209 | D:3      | Upgraded the game from 0.31-a0-1161-g593ecc8 to
                  | 0.31-a0-1164-geb876a3
 53397 | Slime:1  | Entered Level 1 of the Pits of Slime
 53403 | Slime:1  | Reached skill level 1 in Transmutations
 54098 | Slime:1  | Reached skill level 1 in Hexes
 54334 | Slime:5  | Entered Level 5 of the Pits of Slime
 54557 | Slime:5  | Gained mutation: You expend magic power (3 MP) to
                  | strengthen your wands. [a shining eye]
 54618 | Slime:5  | Found a viscous altar of Jiyva.
 54639 | Slime:5  | Noticed the Royal Jelly
 54647 | Slime:5  | Killed the Royal Jelly
 54679 | Slime:5  | Gained mutation: You are very dopey. (Int -4) [a shining
                  | eye]
 54757 | Slime:5  | Identified the ring "Gaudoos" {AC+4 Slay+2}
 54773 | Slime:5  | Got a slimy rune of Zot
 55062 | Slime:5  | Identified the ring "Quloq" {rC+ Will- Str+3 Dex+4 Stlth+}
 55067 | Slime:5  | Identified the +0 crystal plate armour of Caustic
                  | Amelioration {Str+2 Stlth+}
 55472 | Slime:4  | Reached XP level 26. HP: 108/213 MP: 36/47
 56122 | Slime:3  | Reached skill level 5 in Armour
 56832 | Slime:2  | Reached skill level 25 in Ice Magic
 58097 | Tomb:1   | Entered Level 1 of the Tomb of the Ancients
 58414 | Tomb:1   | Noticed a royal mummy
 58448 | Tomb:1   | Killed a royal mummy
 58778 | Tomb:1   | Noticed a royal mummy
 58928 | Tomb:1   | Killed a royal mummy
 59801 | Zot:1    | Entered Level 1 of the Realm of Zot
 60370 | Zot:1    | Learned a level 2 spell: Passwall
 60638 | Zot:1    | Reached XP level 27. HP: 213/219 MP: 34/47
 61037 | Zot:2    | Found a transporter.
 61039 | Zot:2    | Found a transporter.
 61042 | Zot:2    | Found a transporter.
 61043 | Zot:2    | Found a transporter.
 62128 | Zot:3    | Reached skill level 1 in Earth Magic
 62138 | Zot:3    | Reached skill level 1 in Necromancy
 62531 | Zot:4    | Noticed an orb of fire
 62535 | Zot:4    | Gained mutation: You have hidden genetic defects. [an orb
                  | of fire]
 62538 | Zot:4    | Gained mutation: You are weak. (Str -2) [an orb of fire]
 62538 | Zot:4    | Gained mutation: Your body sometimes deteriorates upon
                  | taking damage. [an orb of fire]
 62540 | Zot:4    | Gained mutation: You occasionally lose the ability to drink
                  | potions when taking damage. [an orb of fire]
 62542 | Zot:4    | Killed an orb of fire
 62629 | Zot:4    | Lost mutation: You have hidden genetic defects. [potion of
                  | mutation]
 62629 | Zot:4    | Lost mutation: You are very dopey. (Int -4) [potion of
                  | mutation]
 62629 | Zot:4    | Gained mutation: Your spells are a little harder to cast,
                  | but a little more powerful. [potion of mutation]
 62629 | Zot:4    | Gained mutation: You sometimes lose the ability to drink
                  | potions when taking damage. [potion of mutation]
 62629 | Zot:4    | Gained mutation: You frequently scream uncontrollably at
                  | your foes. [potion of mutation]
 62629 | Zot:4    | Gained mutation: You are partially covered in iridescent
                  | scales. (AC +2) [potion of mutation]
 62630 | Zot:4    | Lost mutation: You are weak. (Str -2) [potion of mutation]
 62630 | Zot:4    | Lost mutation: You frequently scream uncontrollably at your
                  | foes. [potion of mutation]
 62630 | Zot:4    | Lost mutation: You are partially covered in iridescent
                  | scales. (AC +2) [potion of mutation]
 62630 | Zot:4    | Gained mutation: Your movements are slightly less
                  | encumbered by armour. (ER -2) [potion of mutation]
 62630 | Zot:4    | Gained mutation: Your flesh is cold resistant. (rC+)
                  | [potion of mutation]
 62631 | Zot:4    | Lost mutation: You expend magic power (3 MP) to strengthen
                  | your wands. [potion of mutation]
 62631 | Zot:4    | Lost mutation: Your body sometimes deteriorates upon taking
                  | damage. [potion of mutation]
 62631 | Zot:4    | Lost mutation: Your flesh is cold resistant. (rC+) [potion
                  | of mutation]
 62631 | Zot:4    | Gained mutation: You expend magic power (3 MP) to
                  | strengthen your wands. [potion of mutation]
 62667 | Zot:4    | Lost mutation: Your spells are a little harder to cast, but
                  | a little more powerful. [potion of mutation]
 62667 | Zot:4    | Lost mutation: You sometimes lose the ability to drink
                  | potions when taking damage. [potion of mutation]
 62667 | Zot:4    | Lost mutation: Your movements are slightly less encumbered
                  | by armour. (ER -2) [potion of mutation]
 62667 | Zot:4    | Gained mutation: You sometimes lose the ability to drink
                  | potions when taking damage. [potion of mutation]
 62667 | Zot:4    | Gained mutation: You are occasionally teleported next to
                  | monsters. [potion of mutation]
 62668 | Zot:4    | Lost mutation: You are occasionally teleported next to
                  | monsters. [potion of mutation]
 62668 | Zot:4    | Lost mutation: You sometimes lose the ability to drink
                  | potions when taking damage. [potion of mutation]
 62668 | Zot:4    | Gained mutation: Potions are less effective at restoring
                  | your health. [potion of mutation]
 62669 | Zot:4    | Lost mutation: You occasionally lose the ability to drink
                  | potions when taking damage. [potion of mutation]
 62669 | Zot:4    | Lost mutation: Potions are less effective at restoring your
                  | health. [potion of mutation]
 62669 | Zot:4    | Lost mutation: You expend magic power (3 MP) to strengthen
                  | your wands. [potion of mutation]
 62669 | Zot:4    | Gained mutation: Your health recovers twice as slowly from
                  | being drained. [potion of mutation]
 62669 | Zot:4    | Gained mutation: Your muscles are strong. (Str +4, Int/Dex
                  | -1) [potion of mutation]
 62670 | Zot:4    | Lost mutation: Your health recovers twice as slowly from
                  | being drained. [potion of mutation]
 62670 | Zot:4    | Lost mutation: Your muscles are strong. (Str +4, Int/Dex
                  | -1) [potion of mutation]
 62670 | Zot:4    | Gained mutation: Your health recovers twice as slowly from
                  | being drained. [potion of mutation]
 62670 | Zot:4    | Gained mutation: Your body sometimes deteriorates upon
                  | taking damage. [potion of mutation]
 62671 | Zot:4    | Lost mutation: Your body sometimes deteriorates upon taking
                  | damage. [potion of mutation]
 62671 | Zot:4    | Lost mutation: Your health recovers twice as slowly from
                  | being drained. [potion of mutation]
 62671 | Zot:4    | Gained mutation: You occasionally lose the ability to read
                  | scrolls when taking damage. [potion of mutation]
 62671 | Zot:4    | Gained mutation: You are robust. (+10% HP) [potion of
                  | mutation]
 62671 | Zot:4    | Gained mutation: You are somewhat resistant to further
                  | mutation. [potion of mutation]
 62672 | Zot:4    | Lost mutation: You are somewhat resistant to further
                  | mutation. [potion of mutation]
 62672 | Zot:4    | Lost mutation: You are robust. (+10% HP) [potion of
                  | mutation]
 62672 | Zot:4    | Lost mutation: You occasionally lose the ability to read
                  | scrolls when taking damage. [potion of mutation]
 62672 | Zot:4    | Gained mutation: You are weak. (Str -2) [potion of
                  | mutation]
 62672 | Zot:4    | Gained mutation: You have a pair of small horns on your
                  | head. [potion of mutation]
 62959 | Zot:4    | Reached skill level 5 in Earth Magic
 63002 | Zot:4    | Reached skill level 5 in Necromancy
 63209 | Zot:4    | Reached skill level 5 in Hexes
 63211 | Zot:4    | Reached skill level 5 in Transmutations
 63668 | Zot:5    | Entered Level 5 of the Realm of Zot
 64042 | Zot:5    | Noticed an orb of fire
 64044 | Zot:5    | Noticed an orb of fire
 64044 | Zot:5    | Noticed an orb of fire
 64188 | Zot:4    | Killed an orb of fire
 64189 | Zot:4    | Reached skill level 10 in Armour
 64406 | Zot:5    | Noticed a dread lich
 64429 | Zot:4    | Killed an orb of fire
 64546 | Zot:5    | Killed a dread lich
 64549 | Zot:5    | Killed an orb of fire
 64675 | Zot:5    | Noticed an ancient lich
 64675 | Zot:5    | Noticed an orb of fire
 64677 | Zot:5    | Noticed a dread lich
 64692 | Zot:5    | Killed an ancient lich
 64694 | Zot:5    | Killed an orb of fire
 64697 | Zot:5    | Killed a dread lich
 66458 | Tomb:2   | Noticed a royal mummy
 66458 | Tomb:2   | Noticed a royal mummy
 66458 | Tomb:2   | Noticed a royal mummy
 66460 | Tomb:2   | Noticed a royal mummy
 66462 | Tomb:2   | Killed a royal mummy
 66463 | Tomb:2   | Killed a royal mummy
 66463 | Tomb:2   | Killed a royal mummy
 66463 | Tomb:2   | Killed a royal mummy
 66825 | Tomb:1   | Noticed a royal mummy
 66825 | Tomb:1   | Noticed a royal mummy
 66828 | Tomb:1   | Noticed a royal mummy
 66835 | Tomb:1   | Killed a royal mummy
 66835 | Tomb:1   | Noticed a royal mummy
 66837 | Tomb:1   | Killed a royal mummy
 66843 | Tomb:1   | Killed a royal mummy
 66850 | Tomb:1   | Killed a royal mummy
 66964 | Tomb:1   | Noticed a royal mummy
 66977 | Tomb:1   | Killed a royal mummy
 66978 | Tomb:1   | Reached skill level 10 in Air Magic
 66988 | Tomb:1   | Noticed a royal mummy
 67002 | Tomb:1   | Killed a royal mummy
 67032 | Tomb:1   | Noticed a royal mummy
 67049 | Tomb:1   | Killed a royal mummy
 67086 | Tomb:1   | Noticed a royal mummy
 67097 | Tomb:1   | Killed a royal mummy
 67097 | Tomb:1   | Noticed a royal mummy
 67120 | Tomb:1   | Killed a royal mummy
 67174 | Tomb:1   | Noticed a royal mummy
 67175 | Tomb:1   | Noticed a royal mummy
 67179 | Tomb:1   | Noticed a royal mummy
 67183 | Tomb:1   | Noticed a royal mummy
 67193 | Tomb:1   | Killed a royal mummy
 67194 | Tomb:1   | Noticed a royal mummy
 67194 | Tomb:1   | Noticed a royal mummy
 67194 | Tomb:1   | Killed a royal mummy
 67198 | Tomb:1   | Killed a royal mummy
 67202 | Tomb:1   | Killed a royal mummy
 67203 | Tomb:1   | Killed a royal mummy
 67204 | Tomb:1   | Killed a royal mummy
 67494 | Tomb:3   | Entered Level 3 of the Tomb of the Ancients
 67499 | Tomb:3   | Noticed Khufu
 67500 | Tomb:3   | Noticed a royal mummy
 67501 | Tomb:3   | Reached skill level 26 in Ice Magic
 67503 | Tomb:3   | Killed Khufu
 67504 | Tomb:3   | Noticed a royal mummy
 67513 | Tomb:3   | Killed a royal mummy
 67514 | Tomb:3   | Reached skill level 15 in Armour
 67520 | Tomb:3   | Killed a royal mummy
 67522 | Tomb:3   | Noticed a royal mummy
 67525 | Tomb:3   | Noticed a royal mummy
 67539 | Tomb:3   | Killed a royal mummy
 67672 | Tomb:3   | Noticed a royal mummy
 67673 | Tomb:3   | Noticed a royal mummy
 67678 | Tomb:3   | Killed a royal mummy
 67679 | Tomb:3   | Killed a royal mummy
 67685 | Tomb:3   | Killed a royal mummy
 67688 | Tomb:3   | Noticed a royal mummy
 67701 | Tomb:3   | Noticed a royal mummy
 67707 | Tomb:3   | Killed a royal mummy
 67708 | Tomb:3   | Reached skill level 15 in Air Magic
 67730 | Tomb:3   | Killed a royal mummy
 67876 | Tomb:3   | Found the +7 captain's cutlass {speed, disarm}
 67960 | Tomb:3   | Got the Excursus on Searing Relocation
 68082 | Tomb:3   | Identified the orb "Ticome" {*Rage, Stlth+}
 68120 | Tomb:3   | Identified the staff "Imuh" {rF+ rC+ Fire}
 68126 | Tomb:3   | Identified the +2 chain mail of Divine Intervention {rN+++}
 68132 | Tomb:3   | Identified the staff "Neirif" {*Slow rN+ Str+3 Int+2 Summ
                  | Necro}
 68229 | Tomb:3   | Got a golden rune of Zot
 68308 | Tomb:3   | Learned a level 8 spell: Maxwell's Capacitive Coupling
 68908 | Abyss:5  | Cast into level 5 of the Abyss (unwielding a weapon of
                  | distortion)
 68933 | Abyss:5  | Found a corrupted altar of Lugonu.
 68977 | Abyss:5  | Got an abyssal rune of Zot
 69005 | Abyss:5  | Found an iron altar of Okawaru.
 69017 | Zot:2    | Escaped the Abyss
 69347 | Hell     | Entered the Vestibule of Hell
 69347 | Hell     | Noticed Geryon
 69348 | Hell     | Noticed Murray
 69353 | Hell     | Killed Geryon
 69367 | Hell     | Killed Murray
 69778 | D:12     | You showed the abyssal rune of Zot to enter a treasure
                  | trove
 69779 | Trove    | Entered a treasure trove
 69823 | Trove    | Got the Handbook of the Alluring Scorpion
 69841 | Trove    | Identified the ring "Dapti" {Drain +Blink rElec rF+ Str+6}
 69852 | Trove    | Identified the +0 chain mail "Petia" {*Slow SInv Stlth+}
 69854 | Trove    | Identified the amulet "Peimaevy" {Reflect Str+6 Dex+2 SH+5}
 70840 | Vaults:5 | Bought a scroll of enchant weapon for 97 gold pieces
 71176 | Hell     | Found a gateway to the ashen valley of Gehenna.
 71238 | Hell     | Found a gateway to the freezing wastes of Cocytus.
 71307 | Hell     | Found a gateway to the decaying netherworld of Tartarus.
 71420 | Hell     | Found a gateway to the Iron City of Dis.
 71676 | Orc:2    | Bought a potion of haste for 140 gold pieces
 71676 | Orc:2    | Bought a potion of brilliance for 56 gold pieces
 71676 | Orc:2    | Bought a potion of curing for 42 gold pieces
 71676 | Orc:2    | Bought a potion of curing for 42 gold pieces
 71796 | Elf:3    | Bought a scroll of amnesia for 60 gold pieces
 71796 | Elf:3    | Bought 3 scrolls of fear for 180 gold pieces
 71796 | Elf:3    | Bought a scroll of vulnerability for 60 gold pieces
 71796 | Elf:3    | Bought a scroll of fear for 60 gold pieces
 71796 | Elf:3    | Bought a scroll of vulnerability for 60 gold pieces
 72014 | D:10     | Bought 2 potions of ambrosia for 256 gold pieces
 72147 | Orc:2    | Bought shiny gold dragon scales for 2241 gold pieces
 72353 | Pan      | Entered Pandemonium
 72361 | Pan      | Noticed Dovveuh the pandemonium lord
 72997 | Pan      | Identified the ring "Ishraskor" {rN+ Dex+3}
 72997 | Pan      | Noticed a seraph
 73002 | Pan      | Killed a seraph
 73061 | Pan      | Found a glowing golden altar of the Shining One.
 73068 | Pan      | Got the Quarto of Refrigeration and Imprecation
 73070 | Pan      | Identified the +0 fire dragon scales of Hangman {rF++ rC-
                  | rN+ Slay+3}
 73072 | Pan      | Identified the +10 falchion of the Scavenger {pain, Fly rN+
                  | MP-9}
 73073 | Pan      | Identified the +0 pair of gloves of Baldness {rN++ Slay-2}
 73076 | Pan      | Got a demonic rune of Zot
 73420 | Pan      | Found a glowing silver altar of Zin.
 73579 | Pan      | Identified the +0 buckler of Fedhas's Outrage {rC+ Regen+
                  | MP+9}
 73624 | Pan      | Found a white marble altar of Elyvilon.
 73860 | Pan      | Found an exit through the horrors of the Abyss.
 74275 | Pan      | Entered the realm of Gloorx Vloq.
 74324 | Pan      | Reached skill level 27 in Ice Magic
 75172 | Pan      | Noticed Gloorx Vloq
 75178 | Pan      | Killed Gloorx Vloq
 75196 | Pan      | Got a dark rune of Zot
 75440 | Pan      | Identified the +3 quarterstaff "Kuloytz" {elec, Str+3 Dex+2
                  | SInv}
 75452 | Pan      | Noticed Epneze Qash the pandemonium lord
 75460 | Pan      | Killed Epneze Qash the pandemonium lord
 75509 | Pan      | Entered the realm of Lom Lobon.
 75588 | Pan      | Noticed Lom Lobon
 75592 | Pan      | Killed Lom Lobon
 75602 | Pan      | Learned a level 7 spell: Enfeeble
 75638 | Pan      | Got a magical rune of Zot
 75703 | Pan      | Found an exit through the horrors of the Abyss.
 75792 | Pan      | Entered the realm of Cerebov.
 76082 | Pan      | Reached skill level 10 in Hexes
 76086 | Pan      | Identified the ring "Rolixzuus" {Fly Str+3 Dex+3 Slay+2}
 76112 | Pan      | Identified the quicksilver dragon scales "Ewnuske" {Will+
                  | MP+9 SInv}
 76141 | Pan      | Found the +6 sword of Cerebov {flame}
 76141 | Pan      | Noticed Cerebov
 76151 | Pan      | Killed Cerebov
 76153 | Pan      | Identified the orb of the Bright God {guile, Str+4}
 76174 | Pan      | Got a fiery rune of Zot
 76641 | Pan      | Found an exit through the horrors of the Abyss.
 76765 | Pan      | Identified the +5 short sword "Giqog" {flame, rC+ Will+
                  | Int+4}
 76809 | Pan      | Noticed Doih Fie the pandemonium lord
 76825 | Pan      | Killed Doih Fie the pandemonium lord
 76912 | Pan      | Entered the realm of Mnoleg.
 77186 | Pan      | Noticed Mnoleg
 77199 | Pan      | Killed Mnoleg
 77216 | Pan      | Got a glowing rune of Zot
 77357 | Pan      | Found an exit through the horrors of the Abyss.
 77378 | Pan      | Took an exit into the Abyss.
 77378 | Abyss:6  | Escaped into the Abyss
 77406 | Abyss:7  | Entered Level 7 of the Abyss
 77426 | Abyss:7  | Reached skill level 15 in Hexes
 77436 | Depths:1 | Escaped the Abyss
 77635 | Geh:1    | Entered Level 1 of Gehenna
 78814 | Geh:7    | Entered Level 7 of Gehenna
 79591 | Geh:7    | Identified the amulet of Cabo {Harm Fragile Regen+ Int+8}
 79613 | Geh:7    | Found the +13 sceptre of Asmodeus
 79613 | Geh:7    | Noticed Asmodeus
 79620 | Geh:7    | Killed Asmodeus
 79633 | Geh:7    | Got an obsidian rune of Zot
 79890 | Coc:1    | Entered Level 1 of Cocytus
 80891 | Coc:4    | Noticed an ancient lich
 80903 | Coc:4    | Killed an ancient lich
 81970 | Coc:6    | Noticed an ancient lich
 81980 | Coc:6    | Killed an ancient lich
 82042 | Coc:7    | Entered Level 7 of Cocytus
 82692 | Coc:7    | Reached skill level 1 in Summonings
 82905 | Coc:7    | Paralysed by a wendigo for 1 turns
 83138 | Coc:7    | Identified the +10 scimitar of the Ecumenical Temple
                  | {flame, Will+ rCorr}
 83138 | Coc:7    | Noticed Antaeus
 83151 | Coc:7    | Killed Antaeus
 83152 | Coc:7    | Reached skill level 10 in Translocations
 83282 | Coc:7    | Got an icy rune of Zot
 83548 | Tar:1    | Entered Level 1 of Tartarus
 83627 | Tar:1    | Reached skill level 5 in Summonings
 83691 | Tar:2    | Noticed an ancient lich
 83706 | Tar:2    | Killed an ancient lich
 84967 | Tar:7    | Entered Level 7 of Tartarus
 85441 | Tar:7    | Noticed Ereshkigal
 85930 | Tar:7    | Killed Ereshkigal
 85941 | Tar:7    | Got a bone rune of Zot
 86428 | Dis:1    | Entered Level 1 of the Iron City of Dis
 86589 | Dis:2    | Noticed an ancient lich
 86624 | Dis:2    | Killed an ancient lich
 87303 | Dis:4    | Reached skill level 10 in Summonings
 87630 | Dis:7    | Entered Level 7 of the Iron City of Dis
 87641 | Dis:7    | Learned a level 7 spell: Haunt
 88140 | Dis:7    | Reached skill level 10 in Necromancy
 88467 | Dis:7    | Noticed a juggernaut
 88472 | Dis:7    | Killed a juggernaut
 88577 | Dis:7    | Identified the ring "Humm" {rPois rC+}
 88577 | Dis:7    | Noticed Dispater
 88585 | Dis:7    | Killed Dispater
 88607 | Dis:7    | Got an iron rune of Zot
 88608 | Dis:7    | Identified the ring of the Disturbing Songs {rCorr Dex+6}
 89519 | Zot:5    | Learned a level 7 spell: Malign Gateway
 89549 | Zot:5    | Got the Orb of Zot
 89601 | Zot:3    | Noticed Keih the pandemonium lord
 89645 | Zot:1    | Noticed Getif the pandemonium lord
 89653 | Zot:1    | Killed Getif the pandemonium lord
 89739 | D:15     | Noticed Susos the pandemonium lord
 89748 | D:15     | Killed Susos the pandemonium lord
 89765 | D:15     | Noticed Geomnarutt the pandemonium lord
 89770 | D:15     | Noticed Nicsuish the pandemonium lord
 89781 | D:15     | Killed Nicsuish the pandemonium lord
 89920 | D:10     | Noticed Huth the pandemonium lord
 89924 | D:10     | Killed Huth the pandemonium lord
 89956 | D:10     | Noticed Fikh the pandemonium lord
 89962 | D:10     | Killed Fikh the pandemonium lord
 89987 | D:10     | Noticed a seraph
 90005 | D:9      | Gained mutation: You are vulnerable to heat. (rF-) [a
                  | neqoxec]
 90218 | D:$      | Escaped with the Orb!

Illustrated notes

Levels and vault maps discovered:
D:1:      erik_arrival_triangle_small, layout_loops_ring,
          dilly_ecumenical_altar_fadedgnrine, minivault_14,
          grunt_decor_one_mirror, kennysheep_decorative_pillar,
          minmay_misc_feat_alley, nicolae_twisty_statue_hallways
D:2:      layout_loops_ring, basic_altar, kennysheep_nondescript, minmay_vboxes,
          uniq_sigmund
D:3:      layout_loops_ring, ebering_ghost_disaster_area, minmay_surrounded
D:4:      layout_rooms, fedhas_altar_1
D:5:      layout_rooms, nicolae_ossuary_entry_ruins, minmay_holes,
          uniq_crazy_yiuf_cottage
D:6:      layout_loops_ring, led_sif_pool, nicolae_uskayaw_dance_hall,
          minmay_temple_entry_wispy, minmay_misc_feat_enclosed, st_stairs_9,
          nicolae_water_bricks
D:7:      layout_basic
D:8:      layout_gridville, mainiacjoe_overflow_catwalk,
          mainiacjoe_overflow_chevrons, grunt_lair_entry_orc_guard_hut,
          minivault_24, uniq_maurice
D:9:      layout_cave_pods, gammafunk_ghost_smash, enter_bailey_3,
          guppyfry_early_elven_hall, uniq_grum
D:10:     layout_cave_pods, nicolae_wu_jian_wuxing_cycle,
          mainiacjoe_overflow_small_starburst, serial_shops, shop, uniq_amaemon
D:11:     layout_irregular_city, minivault_26, kennysheep_generic_room_7
D:12:     layout_loops_ring, orc_0_dummy, nicolae_trove_entry_diagonal,
          nicolae_gozag_cash_rules_everything_around_me
D:13:     layout_basic, lightli_vaults_fourway_checkpoint
D:14:     layout_irregular_city, gauntlet_entry_generic, minmay_shop_mayhem
D:15:     grunt_enter_depths_snipers, layout_basic, evilmike_ruin_ashenzari,
          minmay_puff, uniq_nessos
Lair:1:   layout_misc_corridors
Lair:2:   layout_misc_corridors, nicolae_shoals_entry_roost
Lair:3:   layout_big_grid, hellmonk_spider_entry_life_and_decay,
          grunt_megastairs_2
Lair:4:   layout_hall_layers, grunt_forest_large_clearing_hut
Lair:5:   evil_forest, layout_regular_city, slime_entry_1
Shoals:1: layout_shoals, uniq_kirke
Shoals:2: layout_shoals, nicolae_shoals_lost_giant_pillars
Shoals:3: layout_shoals, serial_shops, shop, shop, shop, st_sunken_temple,
          uniq_roxanne, uniq_donald
Shoals:4: shoals_end_hellmonk_lost_city
Spider:1: lemuel_spider_zombies
Spider:2: layout_chambers, portal_ice_cave_entry_dragon,
          hangedman_spider_tarantella_strand
Spider:3: layout_spider_delve, nicolae_spider_checkerboard
Spider:4: grunt_spider_rune_circles
Slime:1:  layout_caves
Slime:2:  layout_caves
Slime:3:  layout_caves, basic_altar
Slime:4:  layout_caves, nicolae_slime_round_cave
Slime:5:  slime_pit_nicolae_inversion
Orc:1:    layout_caves, nicolae_volcano_entry_lava_flow, hangedman_minor_magic,
          uniq_harold
Orc:2:    st_orc_town, layout_caves, serial_shops,
          nicolae_shop_getting_attention, shop, ebering_ghost_gozag,
          basic_altar, okawaru_metal_pillars_1_2, uniq_snorg
Elf:1:    elf_arrival_002, layout_gridlike, serial_shops,
          nicolae_shop_scrapyard, nicolae_elf_blasts_and_bolts
Elf:2:    nicolae_elf_blades_crystal_corner, layout_geoelf_grid,
          lemuel_flamethrower_2, uniq_agnes
Elf:3:    nooodl_elf_gasket, layout_loops_cross, serial_shops,
          nicolae_shop_rolled_up, uniq_bai_suzhen
Vaults:1: v_misc_33, nicolae_vaults_shelves_hall, ontoclasm_vaults_ligature,
          nicolae_vaults_windows_and_doors_thing, nicolae_vaults_theta,
          layout_vaults_omnigrid
Vaults:2: nicolae_vaults_antechamber_and_loot_room, v_rooms_3,
          minmay_crypt_entry_nasty_monster, nicolae_vaults_puzzle_piece,
          hangedman_vaults_stitches, nicolae_vaults_wrenched,
          vaults_mumra_minichess, vaults_dpeg_ring, v_misc_13,
          ontoclasm_vaults_tryst, grunt_vaults_trifunnel,
          nicolae_vaults_trapezoid_4, layout_vaults_maze
Vaults:3: ontoclasm_vaults_gateway, v_alt_pattern_3,
          nicolae_vaults_doubleplus_tesselated, vaults_room_grid,
          hangedman_vaults_restitches, nicolae_vaults_trapezoid_lopsided_3,
          nicolae_vaults_bisected_slash, nicolae_vaults_yaktaur_gun_rack,
          ontoclasm_vaults_spin, ontoclasm_vaults_chip, vaults_room_hallway,
          ontoclasm_vaults_eye, nicolae_vaults_double_plus_3,
          layout_vaults_omnicross
Vaults:4: mu_enter_wizlab_2, nicolae_vaults_puzzle_piece, v_rooms_6, v_misc_12,
          dpeg_vaults_monster_box, vaults_room_octagon,
          nicolae_vaults_trapezoid_2, serial_ice_b, vaults_dpeg_encased_lava,
          layout_vaults_big_room, serial_shops,
          nicolae_shop_tiny_real_fake_doors
Vaults:5: serial_shops, uniq_saint_roka
Crypt:1:  layout_chaotic_city, grunt_crypt_arrival_split, uniq_mennas,
          uniq_josephina
Crypt:2:  layout_catacombs, grunt_megastairs_4
Crypt:3:  evilmike_haunted_forest, uniq_frederick
Tomb:1
Tomb:2
Tomb:3
Depths:1: layout_honeycomb, pan_entry, hell_entry, lemuel_angel_altar
Depths:2: minmay_skeleton_keep, layout_honeycomb, pan_entry, hell_entry,
          infiniplex_staircase_door_maze, uniq_norris
Depths:3: minmay_shrinking_squares, layout_gridlike, abyss_entry, pan_entry,
          hellmouth_1, serial_glass, glass_columns_c, glass_columns_b,
          lemuel_zombie_altar_yredelemnul
Depths:4: grunt_zot_entry_funnels, layout_gridlike, enter_ziggurat_b,
          grunt_pan_entry_spiral, hell_entry, serial_shops, shop,
          nicolae_diamond_shop, shop, shop, shop, uniq_parghit
Hell
Dis:1:    layout_gridville
Dis:2:    layout_jigsaw
Dis:3:    layout_regular_city
Dis:4:    layout_subdivisions
Dis:5:    layout_regular_city
Dis:6:    layout_regular_city
Dis:7:    dis_st
Geh:1:    layout_gehenna_pools_triple, lemuel_hellion_isle
Geh:2:    layout_gehenna_lava_caves
Geh:3:    nicolae_geh_tyrants_menagerie, layout_gehenna_pools_box
Geh:4:    nicolae_geh_realm_of_the_lava_sea
Geh:5:    layout_gehenna_lava_caves
Geh:6:    layout_gehenna_pools_basic, nicolae_geh_lavax
Geh:7:    geh_old
Coc:1:    layout_cocytus_water_paths
Coc:2:    layout_ice_bergs
Coc:3:    layout_cocytus_delve
Coc:4:    layout_ice_bergs, special_room [special_room_morgue]
Coc:5:    layout_cocytus_water_paths
Coc:6:    layout_cocytus_delve
Coc:7:    coc_grunt_cove [coc_grunt_cove_antaeus, coc_grunt_cove_fiend,
          coc_grunt_cove_fiend, coc_grunt_cove_fiend, coc_grunt_cove_fiend]
Tar:1:    layout_grid_maze
Tar:2:    minmay_shadows, layout_cathedral_of_symmetry
Tar:3:    layout_catacombs
Tar:4:    layout_catacombs
Tar:5:    layout_grid_maze
Tar:6:    nicolae_tar_funeral_procession, layout_cathedral_of_symmetry,
          nicolae_tar_cuneiform_bread
Tar:7:    tar_mu [tar_mu_maze]
Zot:1:    regret_index_malice_mire, layout_onion,
          hangedman_zot_decor_unnerving_road
Zot:2:    layout_basic, st_stairs_2, nicolae_diode_quadrants
Zot:3:    layout_misc_corridors, bh_zot_levy_curve
Zot:4:    layout_gridlike, regret_index_zotdec_gossamer_gf, evilmike_ambush
          [evilmike_ambush_outer_basic, evilmike_ambush_inner_pond]
Zot:5:    layout_basic

Skill      XL: |  1  2  3  4  5  6  7  8  9 10 11 12 13 14 15 16 17 18 19 20 21 22 23 24 25 26 27 |
---------------+----------------------------------------------------------------------------------+-----
Fighting       | 2 4 5 7 8 9 10 12 13 14 15 16 17 18 26 | 26.0
Evocations     | 4 5 6 0 |  0.0
Long Blades    | 5 8 12 13 14 16 17 19 20 21 22 | 22.0
Armour         | 4 5 23 | 23.2
Dodging        | 3 5 6 8 10 11 12 13 14 16 24 | 24.0
Shapeshifting  | 1 5 7 9 12 15 16 17 18 21 23 | 23.0
Translocations | 3 6 12 | 12.0
Spellcasting   | 3 5 7 8 10 12 15 17 19 20 26 | 26.0
Air Magic      | 4 8 9 22 | 22.0
Ice Magic      | 3 6 11 16 19 21 23 24 25 27 | 27.0
Conjurations   | 3 5 |  5.0
Transmutations | 4 5 |  5.0
Hexes          | 4 16 | 16.0
Earth Magic    | 5 |  5.0
Necromancy     | 12 | 12.0
Summonings     | 12 | 12.0

Action                     |  1- 3 |  4- 6 |  7- 9 | 10-12 | 13-15 | 16-18 | 19-21 | 22-24 | 25-27 || total
---------------------------+-------+-------+-------+-------+-------+-------+-------+-------+-------++-------
  Melee: Dagger            |    64 |   149 |    77 |       |       |       |       |       |       ||   290
         Hand axe          |    76 |       |       |       |       |       |       |       |       ||    76
         Club              |     4 |       |       |       |       |       |       |       |       ||     4
         Punch             |       |     4 |     7 |     5 |     8 |       |       |       |       ||    24
         Falchion          |       |       |    73 |       |       |       |       |       |       ||    73
         Mace              |       |       |   342 |    57 |       |       |       |       |       ||   399
         Long sword        |       |       |    36 |   809 |   991 |       |       |       |       ||  1836
         Great sword       |       |       |       |       |   431 |   607 |       |       |       ||  1038
         Triple sword      |       |       |       |       |       |   715 |   965 |  1392 |  3919 ||  6991
         Headbutt          |       |       |       |       |       |       |       |       |   768 ||   768
   Fire: Sling             |     3 |    66 |   201 |   796 |       |       |       |       |       ||  1066
         Orcbow            |       |       |       |     7 |    44 |       |       |       |       ||    51
         Longbow           |       |       |       |       |    10 |    55 |       |       |       ||    65
  Throw: Dart              |       |       |       |    15 |    18 |       |       |       |       ||    33
         Throwing net      |       |       |       |    11 |     4 |       |       |       |     5 ||    20
   Cast: Lesser Beckoning  |       |       |       |       |     2 |    37 |    15 |    29 |    82 ||   165
         Freezing Cloud    |       |       |       |       |       |       |     8 |     2 |     1 ||    11
         Vhi's Electric Ch |       |       |       |       |       |       |     3 |       |     1 ||     4
         Ozocubu's Refrige |       |       |       |       |       |       |     1 |       |    69 ||    70
         Simulacrum        |       |       |       |       |       |       |       |     3 |    31 ||    34
         Polar Vortex      |       |       |       |       |       |       |       |    30 |   318 ||   348
         Silence           |       |       |       |       |       |       |       |     1 |     4 ||     5
         Manifold Assault  |       |       |       |       |       |       |       |       |    22 ||    22
         Passage of Golubr |       |       |       |       |       |       |       |       |     9 ||     9
         Irradiate         |       |       |       |       |       |       |       |       |    41 ||    41
         Borgnjor's Vile C |       |       |       |       |       |       |       |       |    18 ||    18
         Yara's Violent Un |       |       |       |       |       |       |       |       |    16 ||    16
         Maxwell's Capacit |       |       |       |       |       |       |       |       |   133 ||   133
         Enfeeble          |       |       |       |       |       |       |       |       |    44 ||    44
         Passwall          |       |       |       |       |       |       |       |       |    20 ||    20
         Haunt             |       |       |       |       |       |       |       |       |     6 ||     6
         Blink             |       |       |       |       |       |       |       |       |     3 ||     3
         Malign Gateway    |       |       |       |       |       |       |       |       |     1 ||     1
 Invoke: Sacrifice Stealth |     1 |       |       |       |       |       |       |       |       ||     1
         Sacrifice an Eye  |       |       |     1 |       |       |       |       |       |       ||     1
         Draw Out Power    |       |       |       |     7 |     5 |    11 |     1 |     3 |     2 ||    29
         Sacrifice Artific |       |       |       |     1 |       |       |       |       |       ||     1
         Reject Sacrifices |       |       |       |     1 |     1 |       |       |       |       ||     2
         Apocalypse        |       |       |       |       |    20 |    10 |    14 |    10 |    35 ||    89
         Power Leap        |       |       |       |       |     1 |     2 |       |     7 |     4 ||    14
         Sacrifice Health  |       |       |       |       |     1 |       |       |       |       ||     1
         Sacrifice Purity  |       |       |       |       |     2 |     1 |       |       |       ||     3
Ability: Hop               |     2 |     1 |     8 |     2 |    12 |     6 |     8 |     5 |    22 ||    66
         Begin Untransform |       |       |       |       |     1 |     1 |       |       |     7 ||     9
         Siphon Essence    |       |       |       |       |       |       |       |       |     1 ||     1
  Evoke: Wand              |     7 |     3 |    16 |       |       |       |       |       |       ||    26
    Use: Scroll            |       |       |     6 |     6 |    19 |    20 |     8 |       |    46 ||   105
         Potion            |       |       |       |     2 |     5 |     1 |     2 |     3 |    43 ||    56
   Stab: Betrayed ally     |       |       |     1 |       |       |       |       |       |       ||     1
         Invisible         |       |       |       |     7 |    29 |    12 |     8 |    16 |    39 ||   111
         Distracted        |       |       |       |     5 |     8 |    10 |    10 |    12 |    20 ||    65
         Held in net/web   |       |       |       |     2 |       |     5 |       |       |     5 ||    12
         Paralysed         |       |       |       |       |    15 |    10 |    13 |    19 |    29 ||    86
         Petrified         |       |       |       |       |     4 |       |       |       |     1 ||     5
         Confused          |       |       |       |       |       |     1 |       |       |       ||     1
         Fleeing           |       |       |       |       |       |       |     1 |       |       ||     1
         Petrifying        |       |       |       |       |       |       |       |       |     1 ||     1
 Armour: Scale mail        |   111 |   142 |   703 |   328 |       |       |       |       |       ||  1284
         Leather armour    |    14 |       |       |       |   481 |       |       |       |       ||   495
         Acid dragon scale |       |       |       |   199 |       |       |       |       |       ||   199
         Troll leather arm |       |       |       |   107 |   277 |       |       |       |  1789 ||  2173
         Ring mail         |       |       |       |     4 |   167 |       |       |       |       ||   171
         Chain mail        |       |       |       |       |    10 |       |       |       |       ||    10
         Skin              |       |       |       |       |    37 |  2686 |  1320 |  1794 |  2276 ||  8113
         Pearl dragon scal |       |       |       |       |       |       |       |       |   465 ||   465
  Dodge: Dodged            |    74 |    83 |   323 |   673 |   758 |  1350 |   893 |  1207 |  2567 ||  7928
   Form: Statue            |       |       |       |       |     2 |     1 |       |       |     6 ||     9
         Death             |       |       |       |       |       |       |       |       |     9 ||     9

Table legend: (Time is in decaauts)
 A = Elapsed time spent in this place.
 B = Non-inter-level travel time spent in this place.
 C = Inter-level travel time spent in this place.
 D = Time resting spent in this place.
 E = Time spent auto-exploring this place.
 F = Levels seen in this place.
 G = Mean time per level.
                   A        B        C        D        E       F      G
               +--------+--------+--------+--------+--------+-----+--------+
         Total | 115991 |  99057 |  16934 |  17538 |  48947 | 114 | 1017.5 |
       Dungeon |  22212 |  16625 |   5587 |   1402 |  10118 |  15 | 1480.8 |
          Lair |   6825 |   5245 |   1580 |    815 |   3263 |   5 | 1365.0 |
        Shoals |   7664 |   7136 |    528 |   1321 |   4043 |   4 | 1916.0 |
   Spider Nest |   5812 |   5388 |    424 |    868 |   2645 |   4 | 1453.0 |
    Slime Pits |   4323 |   3863 |    460 |    759 |   2362 |   5 |  864.6 |
  Orcish Mines |   2940 |   2448 |    492 |    428 |   1173 |   2 | 1470.0 |
   Elven Halls |   4726 |   3859 |    867 |    462 |   2349 |   3 | 1575.3 |
        Vaults |  11140 |   9240 |   1900 |   1583 |   5414 |   5 | 2228.0 |
         Crypt |   5591 |   4691 |    900 |    664 |   2534 |   3 | 1863.7 |
          Tomb |   3912 |   3326 |    586 |    807 |   1476 |   3 | 1304.0 |
        Depths |   8398 |   7060 |   1338 |   1324 |   4214 |   4 | 2099.5 |
          Hell |   1408 |   1257 |    151 |    501 |    269 |   1 | 1408.0 |
           Dis |   3562 |   3508 |     54 |   1505 |    283 |   7 |  508.9 |
       Gehenna |   2216 |   2065 |    151 |    990 |    183 |   7 |  316.6 |
       Cocytus |   3251 |   2975 |    276 |    966 |    741 |   7 |  464.4 |
      Tartarus |   3035 |   2344 |    691 |    438 |   1309 |   7 |  433.6 |
           Zot |   8526 |   7586 |    940 |   1370 |   4542 |   5 | 1705.2 |
         Abyss |    171 |    171 |      0 |      0 |      1 |   4 |   42.8 |
   Pandemonium |   6131 |   6131 |      0 |    973 |   1065 |  17 |  360.6 |
         Trove |    181 |    181 |      0 |      0 |    147 |   1 |  181.0 |
       Ossuary |    484 |    484 |      0 |     74 |    155 |   1 |  484.0 |
        Bailey |   1765 |   1765 |      0 |      0 |    164 |   1 | 1765.0 |
       Volcano |    260 |    260 |      0 |     33 |      0 |   1 |  260.0 |
        Wizlab |    920 |    920 |      0 |    205 |    252 |   1 |  920.0 |
      Gauntlet |    530 |    530 |      0 |     44 |    239 |   1 |  530.0 |
               +--------+--------+--------+--------+--------+-----+--------+

Top non-repeatable levels by time:
Vaults:4: 3215 daAuts
    D:15: 2786 daAuts
 Crypt:3: 2749 daAuts
Depths:4: 2486 daAuts
Spider:4: 2460 daAuts
  Tomb:1: 2417 daAuts
Shoals:3: 2363 daAuts
   Dis:7: 2331 daAuts
   Zot:4: 2283 daAuts
Vaults:2: 2267 daAuts
    D:12: 2179 daAuts
  Lair:5: 2120 daAuts
Depths:2: 2117 daAuts
Vaults:1: 2037 daAuts
   Zot:5: 2023 daAuts
